 Dungeon Crawl Stone Soup version 0.26.1-10-gdfb7c7de75 (webtiles) character file.

Game seed: 7045781821319822656

15851896 Elvor the Petrodigitator (level 27, 199/199 HPs)
             Began as a Gargoyle Earth Elementalist on Mar 29, 2021.
             Was the Champion of Vehumet.
             Escaped with the Orb
             ... and 15 runes on Apr 9, 2021!
             The game lasted 1 day 05:19:54 (100103 turns).

Elvor the Petrodigitator (GrEE)               Turns: 100103, Time: 1 , 05:19:54

Health: 199/199    AC: 44    Str: 31    XL:     27
Magic:  71/79      EV: 35    Int: 32    God:    Vehumet [******]
Gold:   17116      SH: 25    Dex: 22    Spells: 2/80 levels left

rFire    + + .     SeeInvis +   Q - +12 eveningstar of Nuulel {holy, rElec Str+5 Dex-3}
rCold    + + +     Faith    .   i - +0 kite shield "Daunaevu" {*Corrode rC+ rN+ Regen+}
rNeg     + + +     Spirit   .   M - +3 faerie dragon scales {rCorr MP+7 Str+5 SInv Stlth+ Clar}
rPois    ∞         Reflect  +   A - -2 hat of the Alchemist {rElec rPois rF+ rC+ rN+ Will+ rMut rCorr}
rElec    +         Harm     +   t - +2 cloak of Hiebroiwn {Harm Will++ Regen+ Str+4}
rCorr    +         Rampage  .   m - +1 pair of gloves of a bailey {+Inv MP+9 Str+2}
rMut     +         Clarity  +   s - +2 pair of boots of Zosiur {rC- Dex+9}
Will     +++++                  a - amulet of Zeti {Reflect +Inv rC++ Slay-3 SH+5 Stlth+}
Stlth    +++.......             z - ring "Asonoesch" {rElec Will+ MP+9 Dex+6 Stlth+}
HPRegen  1.23/turn              h - +6 ring of intelligence
MPRegen  0.46/turn

@: flying, studying 4 skills
A: antennae 1, big wings, fire resistance 1, negative energy resistance 1, sense
surroundings 2, screaming 1, shaggy fur 1, electricity resistance, unbreathing,
petrification resistance, miasma immunity, AC +20
0: Orb of Zot
}: 15/15 runes: decaying, slimy, silver, golden, iron, obsidian, icy, bone,
abyssal, demonic, glowing, magical, fiery, dark, gossamer
a: Stop Flying, Renounce Religion, Evoke Invisibility


You escaped.
You worshipped Vehumet.
Vehumet was exalted by your worship.
You visited 18 branches of the dungeon, and saw 89 of its levels.
You visited Pandemonium 2 times, and saw 10 of its levels.
You visited the Abyss 6 times.
You completed 1 ziggurat, and saw 27 of its levels.
You also visited: Trove, Sewer, Ossuary and Wizlab.

You collected 23398 gold pieces.
You spent 6282 gold pieces at shops.

Inventory:

Hand Weapons
 E - the +3 Elemental Staff {rElec rF++ rC++ Will++ AC+5}
   (You found it on level 18 of a ziggurat)

   It affects your AC (+5).
   It greatly protects you from fire.
   It greatly protects you from cold.
   It insulates you from electricity.
   It affects your willpower, your defense against some magical effects.
 Q - the +12 eveningstar of Nuulel (weapon) {holy, rElec Str+5 Dex-3}
   (You found it on level 24 of a ziggurat)

   It has been blessed by the Shining One to cause great damage to the undead
   and demons.
   It affects your strength (+5).
   It affects your dexterity (-3).
   It insulates you from electricity.
 T - a +9 vampiric eveningstar
Missiles
 B - 20 boomerangs
 Z - 4 silver boomerangs
Armour
 i - the +0 kite shield "Daunaevu" (worn) {*Corrode rC+ rN+ Regen+}
   (You found it in a treasure trove)

   It protects you from cold.
   It protects you from negative energy.
   It increases your rate of regeneration.
   It may corrode you when you take damage.
 m - the +1 pair of gloves of a bailey (worn) {+Inv MP+9 Str+2}
   (You found it on level 5 of the Vaults)

   It affects your strength (+2).
   It affects your magic capacity (+9).
   It lets you turn invisible.
 s - the +2 pair of boots of Zosiur (worn) {rC- Dex+9}
   (You found it on level 9 of a ziggurat)

   It affects your dexterity (+9).
   It makes you vulnerable to cold.
 t - the +2 cloak of Hiebroiwn (worn) {Harm Will++ Regen+ Str+4}
   (You found it on level 3 of the Elven Halls)

   It affects your strength (+4).
   It affects your willpower, your defense against some magical effects.
   It increases your rate of regeneration.
   It increases damage dealt and taken.
 A - the -2 hat of the Alchemist (worn) {rElec rPois rF+ rC+ rN+ Will+ rMut rCorr}
   (You found it on level 2 of the Swamp)

   It protects you from fire.
   It protects you from cold.
   It insulates you from electricity.
   It protects you from poison.
   It protects you from negative energy.
   It affects your willpower, your defense against some magical effects.
   It provides partial protection from all sources of acid and corrosion.
   It protects you from mutation.
 M - the +3 faerie dragon scales (worn) {rCorr MP+7 Str+5 SInv Stlth+ Clar}
   (You took it off the Enchantress on level 1 of the Depths)

   It affects your strength (+5).
   It affects your magic capacity (+7).
   It lets you see invisible.
   It protects you against confusion.
   It provides partial protection from all sources of acid and corrosion.
   It makes you more stealthy.
 X - a +2 cloak of preservation
Jewellery
 a - the amulet of Zeti (around neck) {Reflect +Inv rC++ Slay-3 SH+5 Stlth+}
   (You found it on level 7 of Tartarus)

   [amulet of reflection]

   It shields you and reflects attacks.
   It affects your accuracy and damage with ranged weapons and melee attacks
   (-3).
   It greatly protects you from cold.
   It lets you turn invisible.
   It affects your SH (+5).
   It makes you more stealthy.
 h - a +6 ring of intelligence (right hand)
 z - the ring "Asonoesch" (left hand) {rElec Will+ MP+9 Dex+6 Stlth+}
   (You found it on level 22 of a ziggurat)

   [ring of willpower]

   It affects your dexterity (+6).
   It insulates you from electricity.
   It affects your willpower, your defense against some magical effects.
   It affects your magic capacity (+9).
   It makes you more stealthy.
Wands
 c - a wand of iceblast (37)
 e - a wand of paralysis (55)
 f - a wand of acid (10)
 g - a wand of polymorph (92)
 D - a wand of digging (27)
 V - a wand of enslavement (78)
Scrolls
 l - 42 scrolls of remove curse
 p - 2 scrolls of magic mapping
 r - 11 scrolls of fear
 v - 4 scrolls of holy word
 x - 46 scrolls of teleportation
 C - 11 scrolls of amnesia
 F - 3 scrolls of summoning
 G - 3 scrolls of blinking
 H - 5 scrolls of torment
 J - a scroll of enchant armour
 N - 21 scrolls of fog
 O - 10 scrolls of identify
 W - a scroll of enchant weapon
 Y - 8 scrolls of silence
Potions
 b - 9 potions of brilliance
 d - a potion of heal wounds
 n - 5 potions of magic
 o - 14 potions of might
 u - 26 potions of curing
 w - 13 potions of lignification
 I - 4 potions of resistance
 K - 14 potions of haste
 L - 12 potions of cancellation
 R - 2 potions of berserk rage
 U - 7 potions of ambrosia
Books
 j - a manual of
Armour
 k - a manual of Transmutations
 q - a manual of Shields
 y - a manual of Staves
Miscellaneous
 P - a +1 figurine of a ziggurat
 S - a condenser vane


   Skills:
 O Level 27 Fighting
 + Level 16.2 Long Blades
 + Level 0.6(11.2) Axes
 + Level 17.9(18.3) Maces & Flails
 + Level 6.4(13.4) Staves
 + Level 0.6(11.0) Slings
 + Level 16.4 Throwing
 + Level 18.1 Armour
 * Level 25.5 Dodging
 + Level 14.8 Stealth
 - Level 25.0 Shields
 O Level 27 Spellcasting
 O Level 27 Conjurations
 + Level 2.1 Summonings
 + Level 6.5 Translocations
 + Level 3.2 Transmutations
 + Level 5.1 Ice Magic
 * Level 23.9 Air Magic
 O Level 27 Earth Magic
 + Level 8.1 Evocations


You had 2 spell levels left.
You knew the following spells:

 Your Spells              Type           Power        Failure   Level
a - Fireball              Conj/Fire      46%          1%          5
b - Passwall              Tmut/Erth      80%          0%          2
c - Lee's Rapid Deconstr  Erth           60%          0%          5
d - Petrify               Tmut/Erth      96%          0%          4
f - Hailstorm             Conj/Ice       98%          0%          4
g - Freezing Cloud        Conj/Ice/Air   52%          1%          6
h - Iron Shot             Conj/Erth      60%          0%          6
i - Spellforged Servitor  Conj/Summ      47%          1%          7
j - Blink                 Tloc           N/A          1%          2
k - Swiftness             Air            100%         0%          2
l - Shatter               Erth           60%          1%          9
m - Apportation           Tloc           100%         1%          1
n - Lehudib's Crystal Sp  Conj/Erth      60%          1%          8
o - Tornado               Air            57%          1%          9
p - Chain Lightning       Conj/Air       58%          1%          8

Your spell library contained the following spells:

 Spells                   Type           Power        Failure   Level
 Fire Storm               Conj/Fire      46%          50%         9
 Ignition                 Fire           21%          100%        8
 Foxfire                  Conj/Fire      100%         0%          1
 Magic Dart               Conj           100%         0%          1
 Sandblast                Erth           100%         0%          1
 Shock                    Conj/Air       100%         0%          1
 Corpse Rot               Necr/Air       N/A          0%          2
 Poisonous Vapours        Pois/Air       100%         0%          2
 Searing Ray              Conj           100%         0%          2
 Animate Skeleton         Necr           86%          1%          1
 Beastly Appendage        Tmut           100%         1%          1
 Corona                   Hex            47%          1%          1
 Freeze                   Ice            100%         1%          1
 Pain                     Necr           100%         1%          1
 Sting                    Tmut/Pois      100%         1%          1
 Summon Small Mammal      Summ           100%         1%          1
 Call Imp                 Summ           54%          1%          2
 Ensorcelled Hibernation  Hex/Ice        100%         1%          2
 Slow                     Hex            43%          1%          2
 Wereblood                Tmut           59%          1%          2
 Conjure Flame            Conj/Fire      92%          0%          3
 Dazzling Flash           Conj/Hex       100%         0%          3
 Mephitic Cloud           Conj/Pois/Air  100%         0%          3
 Static Discharge         Conj/Air       100%         0%          3
 Stone Arrow              Conj/Erth      100%         0%          3
 Airstrike                Air            57%          0%          4
 Fulminant Prism          Conj/Hex       46%          0%          4
 Iskenderun's Mystic Bla  Conj/Tloc      100%         0%          4
 Sticky Flame             Conj/Fire      92%          0%          4
 Bolt of Magma            Conj/Fire/Erth 51%          0%          5
 Iskenderun's Battlesphe  Conj           100%         0%          5
 Lightning Bolt           Conj/Air       58%          0%          5
 Conjure Ball Lightning   Conj/Air       58%          0%          6
 Orb of Destruction       Conj           60%          0%          7
 Call Canine Familiar     Summ           54%          1%          3
 Confusing Touch          Hex            43%          1%          3
 Frozen Ramparts          Ice            100%         1%          3
 Gell's Gravitas          Tloc           35%          1%          3
 Ignite Poison            Fire/Tmut/Pois 50%          1%          3
 Inner Flame              Hex/Fire       43%          1%          3
 Lesser Beckoning         Tloc           35%          1%          3
 Ozocubu's Armour         Ice            66%          1%          3
 Portal Projectile        Hex/Tloc       100%         1%          3
 Spider Form              Tmut/Pois      26%          1%          3
 Summon Guardian Golem    Hex/Summ       50%          1%          3
 Teleport Other           Tloc           71%          1%          3
 Tukima's Dance           Hex            43%          1%          3
 Vampiric Draining        Necr           21%          1%          3
 Ice Form                 Ice/Tmut       63%          1%          4
 Leda's Liquefaction      Hex/Erth       46%          1%          4
 Olgreb's Toxic Radiance  Pois           43%          1%          4
 Passage of Golubria      Tloc           N/A          1%          4
 Summon Ice Beast         Ice/Summ       61%          1%          4
 Summon Lightning Spire   Summ/Air       91%          1%          4
 Borgnjor's Vile Clutch   Necr/Erth      46%          1%          5
 Irradiate                Conj/Tmut      48%          1%          5
 Silence                  Hex/Air        44%          1%          5
 Starburst                Conj/Fire      46%          1%          6
 Summon Forest            Summ/Tloc      31%          2%          5
 Yara's Violent Unravell  Hex/Tmut       26%          2%          5
 Ozocubu's Refrigeration  Ice            33%          3%          6
 Blade Hands              Tmut           29%          4%          5
 Animate Dead             Necr           21%          6%          4
 Cause Fear               Hex            21%          6%          4
 Dispel Undead            Necr           43%          6%          4
 Metabolic Englaciation   Hex/Ice        28%          6%          5
 Dispersal                Tloc           35%          6%          6
 Summon Demon             Summ           27%          7%          5
 Alistair's Intoxication  Tmut/Pois      34%          9%          5
 Summon Mana Viper        Hex/Summ       50%          11%         5
 Eringya's Noxious Bog    Tmut/Pois      26%          13%         6
 Agony                    Necr           43%          16%         5
 Excruciating Wounds      Necr           21%          16%         5
 Hydra Form               Tmut           29%          24%         6
 Simulacrum               Ice/Necr       28%          32%         6
 Shadow Creatures         Summ           N/A          36%         6
 Malign Gateway           Summ/Tloc      31%          63%         7
 Death Channel            Necr           21%          65%         6
 Invisibility             Hex            43%          65%         6
 Dragon Form              Tmut           29%          78%         7
 Monstrous Menagerie      Summ           27%          91%         7
 Summon Greater Demon     Summ           27%          91%         7
 Summon Hydra             Summ           27%          91%         7
 Disjunction              Tloc           35%          95%         8
 Haunt                    Necr/Summ      25%          97%         7
 Borgnjor's Revivificati  Necr           21%          100%        8
 Discord                  Hex            21%          100%        8
 Infestation              Necr           21%          100%        8
 Necromutation            Tmut/Necr      26%          100%        8
 Summon Horrible Things   Summ           27%          100%        8
 Absolute Zero            Ice            33%          100%        9
 Death's Door             Necr           21%          100%        9
 Dragon's Call            Summ           27%          100%        9
 Sublimation of Blood     Necr           Unusable     N/A         2
 Statue Form              Tmut/Erth      Unusable     N/A         6

Dungeon Overview and Level Annotations

Branches:
Dungeon (15/15)            Temple (1/1) D:4            Lair (6/6) D:11
  Swamp (4/4) Lair:3       Spider (4/4) Lair:4        Slime (5/5) Lair:5
    Orc (2/2) D:9             Elf (3/3) Orc:2        Vaults (5/5) D:14
  Crypt (3/3) Vaults:3       Tomb (3/3) Crypt:3      Depths (5/5) D:15
   Hell (visited)             Dis (7/7) Hell            Geh (7/7) Hell
    Coc (7/7) Hell            Tar (7/7) Hell            Zot (5/5) Depths:5
  Sewer (visited)         Ossuary (visited)          WizLab (visited)

Altars:
Ashenzari
Cheibriados
Dithmenos
Elyvilon
Fedhas
Gozag
Hepliaklqana
Kikubaaqudgha
Makhleb
Nemelex Xobeh
Okawaru
Qazlal
Ru
Sif Muna
Trog
Uskayaw
Vehumet
Wu Jian
Xom
Yredelemnul
Zin
The Shining One
Beogh
Jiyva

Shops:
D:5 !   D:11 ((!(!   D:13 }   Orc:2 :?[:   Vaults:2 [}}   Vaults:4 *   Zot:5 *
Depths:5 }}[[!}:

Portals:
Hell: Depths:1 Depths:2 Depths:3 Depths:4 Depths:5
Abyss: Depths:1 Depths:3 Depths:4
Pandemonium: Depths:1 Depths:3
Ziggurat: D:11

Annotations:
Zot:1 1 runed translucent door, Flapstick's ghost, legendary HaBe


Innate Abilities, Weirdness & Mutations

You are resistant to torment.
Your stone body is resilient. (AC +20)
You are immune to poison.
Your large and strong wings let you fly indefinitely.
You resist negative energy. (rN+)
You are resistant to electric shocks. (rElec)
You can survive without breathing.
You are immune to petrification.
You are immune to miasma.
You have a pair of small antennae on your head.
Your flesh is heat resistant. (rF+)
You passively map the area around you.
You occasionally shout uncontrollably at your foes.
You are covered in fur. (AC +1)


Message History

A rock wall.
This square is covered in magical glow.
You begin to meditate on the wall.
You continue meditating on the rock. x2
You finish merging with the rock.
A soul eater comes into view.
Aiming: Iron Shot (safe; 0% risk of failure)
Press: ? - help, Q - select action, (/) - cycle Shift-Dir - straight line, f - soul eater
Aim: a soul eater (19% to evade)
The iron shot hits the soul eater!!!
The soul eater is almost dead.
The soul eater completely misses you.
Aiming: Iron Shot (safe; 0% risk of failure)
Press: ? - help, Q - select action, (/) - cycle Shift-Dir - straight line, f/p - soul eater
Aim: a soul eater (almost dead, 19% to evade)
The iron shot hits the soul eater!!!
You kill the soul eater!
Vehumet accepts your kill.
You feel your power returning.
There is a staircase leading out of the dungeon here.
You have escaped!

# #.# #.###.#######..# # #†#
#.# #.# #..### ###.#
#.###.## #.....
.##.############.##...#
######
###...................#
####......######..#...#
.....####...####'###########
.........####≈≈≈≈≈≈≈#......#
#### ########.#
#≈#≈@≈#≈######.# #... #.#
#≈###≈#≈# #.# #.## #.#
##≈≈≈≈≈≈# #.# #.#
#.####≈############.###.##
#....##≈≈≈#..'............
######≈##≈##.#.####.###.##
#.##....#.# #.# #.#
#'#######.####.###.#
#.#...###..........#


There were no monsters in sight!

Vanquished Creatures
  Cerebov (Pan)
  the Royal Jelly (Slime:5)
  Asmodeus (Geh:7)
  Dissolution (Slime:5)
  Gloorx Vloq (Pan)
  Ereshkigal (Tar:7)
  the Serpent of Hell (Tar:7)
  Mnoleg (Pan)
  9 orbs of fire
  Khufu (Crypt:1)
  Dispater (Dis:7)
  15 ancient liches
  Mennas (Depths:4)
  9 juggernauts
  Sojobo (Crypt:2)
  14 pandemonium lords
  36 royal mummies
  11 shard shrikes
  11 Killer Klowns
  Saint Roka (Depths:4)
  9 caustic shrikes
  2 curse toes
  Xtahua (Depths:5)
  Nikola (Spider:3)
  Geryon (Hell)
  A profane servitor (Crypt:3)
  17 bone dragons
  the Enchantress (Depths:1)
  23 golden dragons
  A Hellbinder (WizLab)
  Arachne (Spider:2)
  16 doom hounds
  5 iron giants
  34 Brimstone Fiends
  36 Tzitzimimeh
  A hellephant (Hell)
  4 electric golems
  Jorgrun (D:15)
  15 Hell Sentinels
  26 tentacled monstrosities
  10 titans
  13 deep elf blademasters
  15 liches
  24 Ice Fiends
  29 Orb Guardians
  12 deep elf master archers
  58 acid blobs
  17 quicksilver dragons
  4 death cobs
  An eldritch tentacle (Zig:19)
  Kirke (Swamp:1)
  29 Executioners
  16 ancient champions
  10 sphinxes
  18 storm dragons
  9 tentacled starspawn
  11 revenants
  A thorn hunter (Zig:24)
  Frances (Spider:1)
  23 shadow dragons
  The ghost of DwarfAlpaca the Eclecticist, an adept DrIE of Sif Muna (Spider:4)
  An azure jelly (shapeshifter) (Zig:19)
  12 tengu reavers
  20 draconian monks
  40 nagarajas
  Agnes (Spider:1)
  20 azure jellies
  14 fire giants
  A fenstrider witch (Zig:24)
  The ghost of Phaedo the Nimble, an adept OpDe of Sif Muna (Swamp:3)
  3 fenstrider witches (shapeshifter)
  4 draconian knights
  A frost giant (shapeshifter) (Zig:19)
  7 deep elf sorcerers
  15 vault wardens
  14 orc warlords
  18 iron dragons
  10 ghost moths
  2 emperor scorpions (Spider:1)
  A caustic shrike zombie (Zig:17)
  26 cacodemons
  Aizul (Spider:3)
  An iron dragon (shapeshifter) (Zig:19)
  16 frost giants
  40 balrugs
  12 draconian scorchers
  An angel (Zig:26)
  9 draconian shifters
  11 warmongers
  5 draconian annihilators
  8 deep elf elementalists
  9 draconian stormcallers
  15 ghouls
  4 curse skulls
  13 ironheart preservers
  55 reapers
  4 spriggan defenders
  5 elemental wellsprings
  23 very ugly things
  2 caustic shrike skeletons (Zig:17)
  30 stone giants
  12 blood saints
  8 vampire knights
  28 war gargoyles
  15 black suns
  14 deep elf demonologists
  21 deep elf annihilators
  11 corrupters
  13 green draconians
  22 lorocyprocas
  12 purple draconians
  10 spark wasps
  A spark wasp (shapeshifter) (Zig:19)
  7 entropy weavers
  15 red draconians
  8 bennus
  A minotaur (Lair:6)
  28 yellow draconians
  11 black draconians
  6 white draconians
  6 bunyips
  16 deep elf death magi
  7 crystal guardians (Zig:22)
  9 eleionomae
  2 eleionomae (shapeshifter)
  10 shambling mangroves
  24 blizzard demons
  40 green deaths
  15 ettins
  6 quicksilver dragon zombies
  32 mummy priests
  19 deep elf high priests
  24 death oozes
  14 jiangshi
  17 fire dragons
  16 great orbs of eyes
  22 yaktaur captains
  Harold (D:11)
  29 vault guards
  9 rakshasas
  4 kraken zombies
  10 naga warriors
  9 monstrous demonspawn
  8 quicksilver dragon skeletons
  14 boulder beetles
  11 ghost crabs
  6 spriggan air magi
  7 death knights
  3 catoblepae
  26 hydras
  35 ice dragons
  Erica (Orc:1)
  6 hell beasts
  5 anacondas (Zig:25)
  31 two-headed ogres
  7 centaur warriors
  An anaconda (shapeshifter) (Depths:2)
  A satyr (Zig:4)
  10 alligators
  A satyr (shapeshifter) (Vaults:5)
  32 death scarabs
  11 ogre magi
  11 deep troll shamans
  7 deep troll earth magi
  6 tengu warriors
  10 death yaks
  9 titan zombies
  2 spriggan berserkers
  37 dancing weapons
  10 vampire magi
  12 thrashing horrors
  8 orc high priests
  43 soul eaters
  A shock serpent (shapeshifter) (Zig:19)
  8 shock serpents
  18 naga sharpshooters
  29 hell hogs
  60 sun demons
  32 hell knights
  21 deep elf knights
  12 iron golems
  14 shadow wraiths
  22 iron trolls
  5 storm dragon zombies
  2 salamander mystics
  12 wretched stars
  A fire crab (shapeshifter) (Zig:19)
  5 golden dragon zombies
  11 goliath frogs
  148 skeletal warriors
  23 deep trolls
  7 titan skeletons
  A storm dragon skeleton (Tar:1)
  A fire crab (Zig:8)
  5 spriggan druids
  19 flayed ghosts
  13 sixfirhies
  7 death drakes
  2 unseen horrors (shapeshifter)
  6 gelid demonspawn
  3 unseen horrors
  2 quicksilver dragon simulacra
  2 spatial maelstroms
  33 shadow demons
  19 swamp dragons
  3 ghost moth zombies
  4 bog bodies (Swamp:4)
  5 infernal demonspawn (Pan)
  6 torturous demonspawn (Pan)
  A glowing orange brain (shapeshifter) (Zig:7)
  12 anaconda zombies
  2 orange crystal statues (Abyss:3)
  14 glowing orange brains
  A deep troll (shapeshifter) (Vaults:5)
  18 ironbrand convokers
  2 sphinx zombies (Zig:17)
  8 shadow dragon zombies
  6 wolf spider zombies
  21 phantasmal warriors
  8 anaconda skeletons
  10 wizards
  A lindwurm (shapeshifter) (Zig:3)
  16 deep elf archers
  4 naga ritualists
  11 orc knights
  6 iron dragon zombies
  57 large abominations
  10 harpies (Vaults:2)
  14 orc sorcerers
  6 mana vipers
  20 necromancers
  5 golden dragon skeletons
  17 orb spiders
  58 deep elf magi
  2 lindwurms (Lair:6)
  3 tengu skeletons
  26 wolf spiders
  A manticore (shapeshifter) (Vaults:4)
  A faun (Zig:4)
  10 frost giant zombies
  A wolf spider (shapeshifter) (Zig:19)
  6 shadow dragon skeletons
  A shining eye (shapeshifter) (D:15)
  12 cyclopes
  10 shining eyes
  12 will-o-the-wisps
  49 ugly things
  8 oklob plants
  22 moths of wrath
  A salamander (shapeshifter) (Vaults:2)
  A faun (shapeshifter) (Abyss:3)
  8 guardian serpents
  10 salamanders
  2 shock serpent zombies
  6 stone giant zombies
  A worldbinder (Abyss:3)
  3 centaur zombies
  Maurice (D:8)
  34 elephants
  10 fire giant zombies
  6 iron dragon skeletons
  6 dire elephant zombies
  11 frost giant skeletons
  36 rust devils
  6 apocalypse crabs
  Joseph (D:8)
  7 stone giant skeletons
  An elephant (shapeshifter) (Elf:1)
  An ice statue (Hell)
  11 vault sentinels
  4 titan simulacra
  8 fire giant skeletons
  12 torpor snails
  7 naga magi
  14 eyes of devastation
  34 smoke demons
  A black mamba (shapeshifter) (D:15)
  8 gargoyles
  25 orange demons
  34 black mambas
  16 molten gargoyles
  3 storm dragon simulacra
  4 dire elephant skeletons
  A shock serpent skeleton (Tar:7)
  16 cane toads
  A red draconian zombie (Geh:4)
  4 catoblepas zombies
  2 rime drakes
  Maggie (D:6)
  25 ice devils
  30 demonic crawlers
  3 elf skeletons
  A cane toad (shapeshifter) (Depths:1)
  19 efreet
  A minotaur zombie (Coc:7)
  A komodo dragon (shapeshifter) (Zig:19)
  A tengu conjurer (Depths:4)
  A yaktaur skeleton (Vaults:1)
  6 komodo dragons
  A kobold demonologist (D:15)
  A catoblepas skeleton (Geh:7)
  41 yaktaurs
  18 hellwings
  A minotaur skeleton (Geh:7)
  52 freezing wraiths
  A golden dragon simulacrum (Abyss:1)
  48 hellions
  65 tormentors
  3 spriggan skeletons
  10 trolls
  A silent spectre (Tar:4)
  5 anaconda simulacra
  A queen bee (shapeshifter) (D:14)
  17 hydra zombies
  5 ancient zymes
  A jumping spider (shapeshifter) (Zig:9)
  54 guardian mummies
  3 harpy zombies
  48 red devils
  46 hornets
  32 jumping spiders
  A troll (shapeshifter) (Zig:27)
  A wind drake (shapeshifter) (Zig:19)
  3 bloated husks
  A merfolk (shapeshifter) (Vaults:5)
  A polar bear (shapeshifter) (Vaults:2)
  11 polar bears
  11 tyrant leeches
  19 raiju
  A wolf spider simulacrum (D:15)
  Grinder (D:4)
  13 ettin zombies
  3 meliai (D:15)
  7 hydra skeletons
  2 hornets (shapeshifter)
  3 wind drakes (Zig:15)
  2 harpy skeletons
  3 shadow dragon simulacra
  A deep troll zombie (Depths:1)
  15 blink frogs
  115 slime creatures
  A dream sheep (shapeshifter) (Depths:1)
  7 fire dragon zombies
  7 dream sheep (Lair:5)
  5 ice dragon zombies
  3 spriggan zombies
  2 iron dragon simulacra
  10 fire dragon skeletons
  13 ettin skeletons
  A fire giant simulacrum (Coc:7)
  3 alligator zombies
  62 redbacks
  9 spriggans
  52 shadows
  246 flying skulls
  A dire elephant simulacrum (Crypt:3)
  A tarantella (shapeshifter) (Vaults:5)
  8 ice dragon skeletons
  A yak (shapeshifter) (Vaults:4)
  53 yaks
  28 ynoxinuls
  2 alligator skeletons
  5 air elementals
  25 tarantellas
  2 vampires
  Grum (D:8)
  A black mamba zombie (Coc:5)
  2 redbacks (shapeshifter)
  A basilisk (shapeshifter) (D:15)
  32 wraiths
  9 wyverns
  21 ushabtiu
  22 fire elementals
  16 water elementals
  4 black mamba skeletons
  2 hogs (Swamp:1)
  2 basilisks
  6 humans
  8 golden eyes
  23 chaos spawn
  7 vampire mosquitoes
  An emperor scorpion simulacrum (Coc:2)
  18 neqoxecs
  A fire bat (shapeshifter) (Vaults:4)
  4 steam dragons
  Menkaure (D:6)
  A spriggan simulacrum (Depths:1)
  A steam dragon (shapeshifter) (D:15)
  A yaktaur simulacrum (Vaults:1)
  4 nagas
  2 swamp worms (shapeshifter)
  13 swamp worms
  5 acid dragons
  A merfolk zombie (Crypt:1)
  12 wargs
  7 water moccasins
  A soldier ant (shapeshifter) (Elf:2)
  75 hell hounds
  10 cane toad zombies
  A merfolk skeleton (Coc:2)
  An acid dragon (shapeshifter) (D:13)
  8 cane toad skeletons
  4 swamp drakes
  3 floating eyes
  A fire dragon simulacrum (Coc:2)
  A black bear (shapeshifter) (D:13)
  50 orc warriors
  3 sky beasts
  2 snapping turtle zombies
  2 alligator simulacra
  15 ice beasts
  15 eyes of draining
  An eye of draining (shapeshifter) (Vaults:4)
  A swamp dragon zombie (Dis:2)
  A tengu (shapeshifter) (Vaults:3)
  A hornet zombie (Crypt:1)
  43 necrophages
  13 black bears
  27 small abominations
  2 manticore zombies
  4 phantoms
  29 starcursed masses
  38 ogres
  37 wolves
  9 boggarts
  2 human skeletons
  4 manticore skeletons
  A dream sheep skeleton (Crypt:2)
  5 swamp dragon skeletons
  22 centaurs
  4 snapping turtle skeletons
  An elephant skeleton (Crypt:1)
  An elf zombie (Tar:7)
  2 big kobolds
  A draconian zombie (Crypt:2)
  14 bullfrogs
  12 earth elementals
  A cane toad simulacrum (Crypt:2)
  A merfolk simulacrum (Abyss:2)
  2 water moccasin zombies (Ossuary)
  A wyvern skeleton (D:11)
  11 scorpions
  A swamp dragon simulacrum (Tar:3)
  7 killer bees
  46 wights
  A howler monkey (shapeshifter) (Vaults:4)
  2 troll zombies
  3 electric eels (D:10)
  6 howler monkeys
  9 crimson imps
  A human zombie (Dis:7)
  2 quasits
  7 hounds
  2 bullfrog skeletons
  6 centaur skeletons
  18 orc priests
  23 iron imps
  30 jellies
  A demonspawn skeleton (Crypt:2)
  4 iguanas
  52 orc wizards
  20 worker ants
  A felid zombie (Crypt:2)
  A big kobold zombie (Ossuary)
  An ogre zombie (Tar:7)
  A demigod skeleton (Crypt:2)
  A deep dwarf skeleton (Crypt:1)
  A naga skeleton (Tar:1)
  An ogre skeleton (Tar:7)
  A hound skeleton (D:5)
  45 mummies
  3 howler monkey zombies
  A worker ant zombie (D:7)
  14 adders
  13 gnolls
  19 shadow imps
  18 white imps
  2 ufetubi
  An ooze (D:3)
  8 adder zombies
  An adder skeleton (D:7)
  A lava snake skeleton (Crypt:1)
  A barachi skeleton (Crypt:2)
  7 leopard geckos
  105 orcs
  10 bats
  12 giant cockroaches
  11 goblins
  8 hobgoblins
  8 jackals
  4 quokkas
  A quokka (shapeshifter) (D:15)
  2 ball pythons (Sewer)
  A ball python skeleton (D:4)
  A ball python zombie (Crypt:1)
  8 frilled lizards
  2 gnoll zombies (Ossuary)
  5 hobgoblin zombies (Ossuary)
  25 kobolds
  A kobold skeleton (Geh:2)
  5 kobold zombies (Ossuary)
  2 orc skeletons
  5 orc zombies
  2 quokka skeletons
  2 quokka zombies
  7 rats
  A rat zombie (D:4)
  37 crawling corpses
  2 fire vortices (Pan)
  6 starspawn tentacles
  5 tentacles
6135 creatures vanquished.

Vanquished Creatures (collateral kills)
  Antaeus (Coc:7)
  A pandemonium lord (Zig:14)
  A bone dragon (Tar:3)
  A Brimstone Fiend (Zig:14)
  An Ice Fiend (Zig:26)
  An acid blob (Zig:18)
  2 ghost moths (Spider:4)
  2 warmongers (Zig:26)
  An emperor scorpion (Spider:4)
  The ghost of Pyris the Peltast, a journeyman GrFi of Okawaru (Lair:6)
  A green death (Zig:26)
  A boulder beetle (Spider:4)
  A soul eater (Pan)
  An ironbrand convoker (Vaults:1)
  A shadow demon (Tar:2)
  A wolf spider (Spider:4)
  An orange demon (Zig:26)
  A tormentor (Zig:26)
  A redback (Spider:4)
  A killer bee (D:11)
  A crawling corpse (Vaults:1)
23 creatures vanquished.

Vanquished Creatures (others)
  An eldritch tentacle (Pan)
  A vampire knight (Depths:2)
  A green death (Zig:24)
  2 hell hogs
  A large abomination (Pan)
  A skeletal warrior (Coc:7)
  A phantasmal warrior (Zig:13)
  An orb spider (Spider:4)
  A deep elf mage (Elf:1)
  A wolf spider (Vaults:4)
  A frost giant skeleton (Vaults:1)
  A tormentor (Pan)
  A bloated husk (Swamp:4)
  2 hornets
  A redback (Spider:4)
  A wraith (Geh:7)
  A hell hound (Geh:7)
  A small abomination (Abyss:2)
  A killer bee (D:11)
  A mummy (Coc:2)
  An orc (Orc:2)
  38 foxfires
  61 fungi
  A lurking horror (Abyss:2)
  95 plants
  35 starspawn tentacles
  15 tentacles
  8 withered plants
276 creatures vanquished.

Grand Total: 6434 creatures vanquished

Notes
Turn   | Place    | Note
-------+----------+-------------------------------------------
     0 | D:1      | Elvor the Gargoyle Earth Elementalist began the quest for
                  | the Orb.
     0 | D:1      | Reached XP level 1. HP: 10/10 MP: 3/3
   169 | D:1      | Reached XP level 2. HP: 10/15 MP: 0/5
   172 | D:1      | Learned a level 2 spell: Passwall
   599 | D:1      | Reached XP level 3. HP: 19/19 MP: 6/6
  1051 | D:2      | Reached XP level 4. HP: 10/24 MP: 6/8
  1611 | D:3      | Found a blossoming altar of Fedhas.
  1694 | D:3      | Reached skill level 1 in Maces & Flails
  1700 | D:3      | Reached skill level 5 in Earth Magic
  1700 | D:3      | Reached XP level 5. HP: 23/28 MP: 5/9
  1881 | D:4      | Noticed Grinder
  1883 | D:4      | Paralysed by Grinder for 7 turns
  1897 | D:4      | Killed Grinder
  1898 | D:4      | Reached skill level 1 in Fighting
  1898 | D:4      | Reached XP level 6. HP: 24/34 MP: 4/11
  2016 | D:4      | Found a staircase to the Ecumenical Temple.
  2057 | D:4      | Reached XP level 7. HP: 19/38 MP: 7/13
  2225 | D:4      | Found a sand-covered staircase.
  2233 | Ossuary  | Entered an ossuary
  2323 | Ossuary  | Reached skill level 1 in Shields
  2520 | D:4      | Found a glowing drain.
  2532 | Sewer    | Entered a sewer
  3143 | Temple   | Entered the Ecumenical Temple
  3153 | Temple   | Became a worshipper of Vehumet
  3441 | D:4      | Reached skill level 5 in Spellcasting
  3677 | D:5      | Entered Level 5 of the Dungeon
  3681 | D:5      | Reached XP level 8. HP: 42/45 MP: 11/15
  3804 | D:5      | Reached skill level 1 in Armour
  4016 | D:5      | Found Kih Wuowk's Distillery.
  4034 | D:5      | Bought a potion of magic for 80 gold pieces
  4034 | D:5      | Bought a potion of haste for 100 gold pieces
  4034 | D:5      | Bought a potion of flight for 30 gold pieces
  4230 | D:6      | Noticed Maggie
  4247 | D:5      | Reached * piety under Vehumet
  4247 | D:5      | Offered knowledge of Foxfire by Vehumet.
  4351 | D:5      | Reached skill level 1 in Throwing
  4474 | D:6      | Reached XP level 9. HP: 49/49 MP: 17/17
  4686 | D:6      | Noticed Menkaure
  4697 | D:6      | Killed Menkaure
  4748 | D:6      | Offered knowledge of Searing Ray by Vehumet.
  4760 | D:6      | Reached ** piety under Vehumet
  4765 | D:6      | Killed Maggie
  4766 | D:6      | Reached skill level 1 in Evocations
  5065 | D:6      | Reached XP level 10. HP: 48/56 MP: 16/20
  5075 | D:6      | Found a hide-covered altar of Uskayaw.
  5257 | D:6      | Learned a level 5 spell: Lee's Rapid Deconstruction
  5262 | D:6      | Learned a level 4 spell: Petrify
  5417 | D:7      | Found an iron altar of Okawaru.
  5552 | D:7      | Offered knowledge of Conjure Flame by Vehumet.
  5803 | D:8      | Learned a level 3 spell: Stone Arrow
  5822 | D:8      | Found a shimmering blue altar of Sif Muna.
  5831 | D:8      | Found a burning altar of Makhleb.
  5831 | D:8      | Found a blossoming altar of Fedhas.
  5831 | D:8      | Found an opulent altar of Gozag.
  5833 | D:8      | Found a white marble altar of Elyvilon.
  5889 | D:8      | Noticed Joseph
  5900 | D:8      | Killed Joseph
  5908 | D:8      | Noticed a gargoyle
  5917 | D:8      | Killed a gargoyle
  5995 | D:8      | Noticed Grum
  5997 | D:8      | Reached *** piety under Vehumet
  6000 | D:8      | Reached skill level 10 in Earth Magic
  6000 | D:8      | Killed Grum
  6283 | D:8      | Noticed Maurice
  6291 | D:8      | Killed Maurice
  6291 | D:8      | Offered knowledge of Inner Flame by Vehumet.
  6493 | D:9      | Reached XP level 11. HP: 60/60 MP: 5/23
  6608 | D:9      | Identified the Almanac of the Entourage
  6848 | D:9      | Noticed a two-headed ogre
  6868 | D:9      | Killed a two-headed ogre
  6869 | D:9      | Reached skill level 5 in Throwing
  6869 | D:9      | Reached skill level 1 in Transmutations
  7112 | D:9      | Found a staircase to the Orcish Mines.
  7193 | D:10     | Entered Level 10 of the Dungeon
  7248 | D:10     | Reached skill level 1 in Conjurations
  7420 | D:10     | Reached **** piety under Vehumet
  7448 | D:10     | Noticed a two-headed ogre
  7503 | D:9      | Killed a two-headed ogre
  7504 | D:9      | Reached skill level 5 in Fighting
  8128 | D:10     | Killed an unseen horror
  8222 | D:10     | Noticed a cyclops
  8245 | D:10     | Killed a cyclops
  8266 | D:10     | Noticed a wolf spider
  8279 | D:10     | Killed a wolf spider
  8425 | D:10     | Offered knowledge of Hailstorm by Vehumet.
  8431 | D:10     | Learned a level 4 spell: Hailstorm
  8609 | D:11     | Found a staircase to the Lair.
  8707 | D:11     | Found Wamiadyu's Antique Weapon Shop.
  8745 | D:11     | Found Guklykiw's Weapon Shoppe.
  8785 | D:11     | Noticed a wizard
  8788 | D:11     | Cast into level 2 of the Abyss (a wizard)
  8842 | Abyss:2  | Noticed a starcursed mass
  8857 | Abyss:2  | Paralysed by accursed screaming for 1 turns
  8859 | Abyss:2  | Paralysed by accursed screaming for 1 turns
  8901 | Abyss:2  | Noticed a wretched star
  8919 | Abyss:2  | Found a corrupted altar of Lugonu.
  8965 | Abyss:2  | Noticed a vampire mage
  8972 | Abyss:2  | Noticed a worldbinder
  8980 | Abyss:2  | Noticed a tentacled starspawn
  8991 | Abyss:3  | Found a corrupted altar of Lugonu.
  9011 | Abyss:3  | Reached XP level 12. HP: 28/63 MP: 11/22
  9052 | D:11     | Escaped the Abyss
  9101 | D:11     | Found Mifuizoa's Weapon Emporium.
  9176 | D:11     | Identified the Compendium of Axaxaxas mlö
  9198 | D:11     | Found Qaegollu's Distillery.
  9240 | D:11     | Identified the Handbook of Dhcmrlchtdj
  9249 | D:11     | Identified Ts'ui Pên's Tome of Forking Paths
  9296 | D:11     | Reached ***** piety under Vehumet
  9322 | D:11     | Offered knowledge of Freezing Cloud by Vehumet.
  9392 | D:11     | Found Gyghucw's Distillery.
  9515 | D:11     | Bought a potion of mutation for 88 gold pieces
  9515 | D:11     | Bought a potion of resistance for 110 gold pieces
  9515 | D:11     | Bought a potion of cancellation for 88 gold pieces
  9580 | D:11     | Bought a potion of lignification for 42 gold pieces
  9580 | D:11     | Bought a potion of berserk rage for 70 gold pieces
  9580 | D:11     | Bought a potion of heal wounds for 70 gold pieces
  9843 | D:11     | Learned a level 6 spell: Freezing Cloud
  9863 | Lair:1   | Entered Level 1 of the Lair of Beasts
  9876 | Lair:1   | Noticed Harold
  9888 | Lair:1   | Reached skill level 10 in Spellcasting
  9924 | D:11     | Killed Harold
 10367 | Lair:1   | Noticed a five-headed hydra
 10420 | Lair:1   | Killed a five-headed hydra
 10467 | Lair:1   | Found a hide-covered altar of Uskayaw.
 10468 | Lair:1   | Noticed a boulder beetle
 10623 | Lair:1   | Killed a boulder beetle
 10643 | Lair:1   | Found an ornate altar of the Wu Jian Council.
 10707 | Lair:1   | Reached skill level 1 in Long Blades
 11738 | Lair:2   | Reached XP level 13. HP: 78/78 MP: 21/27
 12492 | Lair:2   | Reached skill level 5 in Shields
 12995 | Lair:3   | Offered knowledge of Iron Shot by Vehumet.
 13003 | Lair:3   | Learned a level 6 spell: Iron Shot
 13757 | Lair:3   | Found a staircase to the Swamp.
 13958 | Lair:4   | Gained mutation: Your large and strong wings let you fly
                  | indefinitely. [Gargoyle growth]
 13958 | Lair:4   | Reached XP level 14. HP: 86/86 MP: 17/29
 14283 | Lair:4   | Found a hole to the Spider Nest.
 15512 | Lair:5   | Found a viscous altar of Jiyva.
 15512 | Lair:5   | Found a staircase to the Slime Pits.
 15732 | Lair:6   | Entered Level 6 of the Lair of Beasts
 15953 | Lair:5   | Reached skill level 5 in Dodging
 16102 | Lair:5   | Reached skill level 10 in Fighting
 16102 | Lair:5   | Reached skill level 15 in Earth Magic
 16270 | Lair:6   | Found an ornate altar of the Wu Jian Council.
 16319 | Lair:6   | Found a runed translucent door.
 16682 | Lair:6   | Offered knowledge of Lightning Bolt by Vehumet.
 16782 | Lair:6   | Reached skill level 5 in Stealth
 17034 | Lair:6   | Reached XP level 15. HP: 80/92 MP: 31/31
 17379 | Lair:6   | Noticed Pyris's ghost (journeyman GrFi)
 17401 | Lair:5   | Reached skill level 5 in Long Blades
 17508 | Lair:6   | Found a runed translucent gate.
 17508 | Lair:6   | Found a runed translucent gate.
 17508 | Lair:6   | Found a runed translucent gate.
 17780 | Lair:6   | Offered knowledge of Eringya's Noxious Bog by Vehumet.
 18175 | Lair:6   | Learned a level 5 spell: Iskenderun's Battlesphere
 18212 | Lair:6   | Killed Pyris's ghost
 18595 | Orc:1    | Entered Level 1 of the Orcish Mines
 18606 | Orc:1    | Noticed an orc warlord
 18628 | Orc:1    | Killed an orc warlord
 18639 | Orc:1    | Noticed Erica
 18753 | Orc:1    | Killed Erica
 18964 | Orc:2    | Entered Level 2 of the Orcish Mines
 19496 | Orc:2    | Found a staircase to the Elven Halls.
 19765 | Orc:2    | Noticed an orc warlord
 19769 | Orc:2    | Offered knowledge of Irradiate by Vehumet.
 20435 | Orc:2    | Killed an orc warlord
 21082 | Orc:2    | Found Noewnir's Book Shoppe.
 21118 | Orc:2    | Found an ancient bone altar of Kikubaaqudgha.
 21120 | Orc:2    | Paralysed by an orc sorcerer for 4 turns
 21128 | Orc:2    | Paralysed by an orc sorcerer for 6 turns
 21173 | Orc:2    | Paralysed by an orc sorcerer for 7 turns
 21222 | Orc:2    | Found a radiant altar of Vehumet.
 21248 | Orc:2    | Paralysed by an orc sorcerer for 4 turns
 21271 | Orc:2    | Found Soni's Magic Scroll Emporium.
 21317 | Orc:2    | Found a roughly hewn altar of Beogh.
 21317 | Orc:2    | Found Foufig's Book Shoppe.
 21325 | Orc:2    | Found Ergheecs's Antique Armour Shoppe.
 21327 | Orc:2    | Bought a book of Minor Magic for 300 gold pieces
 21343 | Orc:2    | Learned a level 2 spell: Blink
 21385 | Orc:2    | Bought a scroll of identify for 30 gold pieces
 21385 | Orc:2    | Bought a scroll of identify for 30 gold pieces
 21385 | Orc:2    | Bought a scroll of identify for 30 gold pieces
 21562 | D:11     | Bought the +7 long sword "Zett" {vamp, rF+ rC++ rN+} for
                  | 1136 gold pieces
 21685 | D:5      | Bought a potion of heal wounds for 50 gold pieces
 21685 | D:5      | Bought a potion of heal wounds for 50 gold pieces
 21685 | D:5      | Bought a potion of curing for 30 gold pieces
 21685 | D:5      | Bought a potion of heal wounds for 50 gold pieces
 21898 | D:12     | Reached XP level 16. HP: 82/100 MP: 32/32
 22084 | D:12     | Offered knowledge of Ozocubu's Refrigeration by Vehumet.
 23047 | D:13     | Found Uthaas's Gadget Emporium.
 23395 | D:14     | Cast into level 2 of the Abyss (a wizard)
 23395 | Abyss:2  | Found a corrupted altar of Lugonu.
 23454 | Abyss:2  | Noticed an Executioner
 23527 | Abyss:2  | Noticed a bone dragon
 23583 | Abyss:2  | Noticed an Executioner
 23598 | Abyss:2  | Found a corrupted altar of Lugonu.
 23901 | Abyss:2  | Found a corrupted altar of Lugonu.
 23935 | Abyss:2  | Reached skill level 10 in Shields
 24278 | Abyss:2  | Reached ****** piety under Vehumet
 24328 | Abyss:2  | Upgraded the game from 0.26.1-2-gb8aa6d0cf2 to
                  | 0.26.1-10-gdfb7c7de75
 24394 | Abyss:2  | Reached skill level 5 in Conjurations
 24419 | Abyss:2  | Offered knowledge of Starburst by Vehumet.
 24445 | Abyss:2  | Noticed an ancient lich
 24460 | Abyss:2  | Paralysed by an ancient lich for 6 turns
 24531 | Abyss:2  | Noticed a tentacled starspawn
 24670 | Abyss:2  | Noticed a lich
 24765 | Abyss:2  | Noticed a tentacled starspawn
 24772 | D:14     | Escaped the Abyss
 24842 | D:14     | Cast into level 2 of the Abyss (a wizard)
 25000 | Abyss:2  | Identified the +3 tower shield "Qoxturia" {rPois}
 25000 | Abyss:2  | Noticed a daeva
 25076 | Abyss:2  | Noticed a tentacled starspawn
 25189 | Abyss:2  | Noticed an Executioner
 25232 | Abyss:2  | Noticed a tentacled starspawn
 25245 | D:14     | Escaped the Abyss
 25879 | D:14     | Got a pair of ancient gloves
 25890 | D:14     | Identified the cursed +0 pair of gloves "Wimnan" {Str+8
                  | Int-2 Dex+9} (You found it on level 14 of the Dungeon)
 25984 | D:14     | Paralysed by a wizard for 4 turns
 26190 | D:14     | Found a gate to the Vaults.
 26370 | D:15     | Entered Level 15 of the Dungeon
 26525 | D:15     | Reached XP level 17. HP: 107/107 MP: 27/34
 26557 | D:15     | Noticed Jorgrun
 26585 | D:15     | Killed Jorgrun
 27002 | D:15     | Identified the +8 hand axe "Moneduha" {flame, Int+4} (You
                  | found it on level 15 of the Dungeon)
 27110 | D:15     | Found a shimmering blue altar of Sif Muna.
 27149 | D:15     | Offered knowledge of Fire Storm by Vehumet.
 27149 | D:15     | Offered knowledge of Shatter by Vehumet.
 27149 | D:15     | Offered knowledge of Ignition by Vehumet.
 27329 | D:15     | Learned a level 2 spell: Swiftness
 27394 | D:15     | Gained mutation: You are occasionally teleported next to
                  | monsters. [a shining eye]
 27402 | D:15     | Found a staircase to the Depths.
 27751 | Swamp:1  | Entered Level 1 of the Swamp
 27752 | Swamp:1  | Noticed Kirke
 27761 | Swamp:1  | Killed Kirke
 29324 | Swamp:2  | Found the -2 hat of the Alchemist {rElec rPois rF+ rC+ rN+
                  | Will+ rMut rCorr}
 30533 | Swamp:3  | Found a runed translucent door.
 30588 | Swamp:3  | Found a shimmering altar of Xom.
 30590 | Swamp:3  | Noticed Phaedo's ghost (adept OpDe)
 31099 | Swamp:3  | Killed Phaedo's ghost
 31243 | Swamp:4  | Entered Level 4 of the Swamp
 31286 | Swamp:3  | Reached XP level 18. HP: 69/114 MP: 12/36
 32643 | Swamp:4  | Noticed a tentacled monstrosity
 32665 | Swamp:4  | Killed a tentacled monstrosity
 32708 | Swamp:4  | Got a decaying rune of Zot
 33050 | Spider:1 | Entered Level 1 of the Spider Nest
 33591 | Spider:1 | Noticed Agnes
 33595 | Spider:1 | Killed Agnes
 33640 | Spider:1 | Identified First Steps in Witchery
 33902 | Spider:1 | Reached skill level 1 in Ice Magic
 34501 | Spider:2 | Noticed Arachne
 34502 | Spider:2 | Noticed Frances
 34518 | Spider:1 | Killed Frances
 34645 | Spider:2 | Reached XP level 19. HP: 106/121 MP: 37/37
 34664 | Spider:2 | Killed Arachne
 35633 | Spider:3 | Noticed Nikola
 35773 | Spider:3 | Killed Nikola
 35784 | Spider:3 | Reached skill level 15 in Spellcasting
 35838 | Spider:3 | Noticed Aizul
 35858 | Spider:3 | Killed Aizul
 36279 | Spider:4 | Entered Level 4 of the Spider Nest
 36876 | Spider:4 | Found a large runed translucent door.
 36876 | Spider:4 | Found a large runed translucent door.
 36881 | Spider:4 | Noticed DwarfAlpaca's ghost (adept DrIE)
 36895 | Spider:4 | Killed DwarfAlpaca's ghost
 37453 | Spider:4 | Got a gossamer rune of Zot
 37704 | Vaults:1 | Entered Level 1 of the Vaults
 38352 | Vaults:1 | Reached XP level 20. HP: 128/128 MP: 5/39
 38444 | Vaults:1 | Reached skill level 15 in Fighting
 38511 | Vaults:1 | Found a portal to a secret trove of treasure.
 39559 | Vaults:1 | You paid a toll of a +5 demon blade to enter a treasure
                  | trove
 39560 | Trove    | Entered a treasure trove
 39567 | Trove    | Got an ichor-stained kite shield
 39569 | Trove    | Got a crude cloak
 39571 | Trove    | Got a pair of shimmering gloves
 39580 | Trove    | Got an encrusted scale mail
 39583 | Trove    | Found the +9 scales of the Dragon King {rPois rF+ rC+
                  | Will+}
 39598 | Trove    | Identified the +0 kite shield "Daunaevu" {*Corrode rC+ rN+
                  | Regen+} (You found it in a treasure trove)
 39599 | Trove    | Identified the cursed +1 scale mail of Xisen {+Fly rPois
                  | Will+ MP+9} (You found it in a treasure trove)
 39604 | Trove    | Identified the -4 pair of gloves of Indemnity {*Slow rF+
                  | rCorr Dex+7} (You found it in a treasure trove)
 39605 | Trove    | Got a transparent hat
 39606 | Trove    | Identified the +0 cloak of the Devouring Yaks {Dex+2} (You
                  | found it in a treasure trove)
 39657 | Trove    | Identified the +1 hat "Heiru" {rElec rC- Regen+ Int+6} (You
                  | found it in a treasure trove)
 39672 | Trove    | Identified the +6 crystal plate armour "Vacener" {rC- Str+7
                  | Dex+2} (You found it in a treasure trove)
 39693 | Trove    | Got a jewelled plate armour
 39722 | Trove    | Identified the +1 plate armour of Zotujuuz {rC+} (You found
                  | it in a treasure trove)
 40203 | Vaults:2 | Reached skill level 15 in Shields
 40493 | Vaults:2 | Found Huzagg's Gadget Shoppe.
 40812 | Vaults:2 | Found Keg Nyqe's Armour Shop.
 41107 | Vaults:2 | Found Hudiwuat's Gadget Shop.
 41619 | Vaults:2 | Identified the +8 trident "Elohigy" {speed, +Rage rN+} (You
                  | found it on level 2 of the Vaults)
 42058 | Vaults:3 | Reached XP level 21. HP: 136/136 MP: 33/41
 42496 | Vaults:3 | Found a staircase to the Crypt.
 42496 | Vaults:3 | Found an ancient bone altar of Kikubaaqudgha.
 42497 | Vaults:3 | Found a basalt altar of Yredelemnul.
 43850 | Vaults:4 | Reached skill level 5 in Armour
 44202 | Vaults:4 | Found Pyuhet's General Store.
 44209 | Vaults:4 | Bought a potion of haste for 130 gold pieces
 44209 | Vaults:4 | Bought 9 stones for 11 gold pieces
 44209 | Vaults:4 | Bought a potion of resistance for 130 gold pieces
 44209 | Vaults:4 | Bought 16 stones for 20 gold pieces
 44575 | Vaults:5 | Entered Level 5 of the Vaults
 44576 | Vaults:5 | Noticed a golden dragon
 44948 | D:5      | Bought 2 potions of haste for 200 gold pieces
 44948 | D:5      | Bought a potion of haste for 100 gold pieces
 45106 | Orc:2    | Bought a scroll of acquirement for 780 gold pieces
 45106 | Orc:2    | Bought a scroll of fog for 30 gold pieces
 45106 | Orc:2    | Bought a scroll of magic mapping for 52 gold pieces
 45106 | Orc:2    | Bought a scroll of teleportation for 45 gold pieces
 45106 | Orc:2    | Bought a scroll of magic mapping for 52 gold pieces
 45106 | Orc:2    | Bought a scroll of teleportation for 45 gold pieces
 45106 | Orc:2    | Bought a scroll of enchant weapon for 112 gold pieces
 45221 | D:11     | Bought a potion of curing for 33 gold pieces
 45221 | D:11     | Bought a potion of cancellation for 88 gold pieces
 45221 | D:11     | Bought 2 potions of haste for 220 gold pieces
 45221 | D:11     | Bought a potion of curing for 33 gold pieces
 45233 | D:11     | Acquired 404 gold pieces
 45253 | D:11     | Bought a potion of curing for 42 gold pieces
 45253 | D:11     | Bought a potion of cancellation for 112 gold pieces
 45253 | D:11     | Bought a potion of mutation for 112 gold pieces
 45361 | Elf:1    | Entered Level 1 of the Elven Halls
 45488 | Elf:1    | Found a shimmering blue altar of Sif Muna.
 46025 | Elf:2    | Identified the cursed +1 flail of Doors {flame, +Inv} (You
                  | found it on level 2 of the Elven Halls)
 46134 | Elf:2    | Reached XP level 22. HP: 144/144 MP: 5/42
 46260 | Elf:2    | Found a huge runed translucent gate.
 46261 | Elf:2    | Found a huge runed translucent gate.
 46262 | Elf:2    | Found a huge runed translucent gate.
 46263 | Elf:2    | Found a huge runed translucent gate.
 46264 | Elf:2    | Found a huge runed translucent gate.
 46844 | Elf:2    | Learned a level 9 spell: Shatter
 46955 | Elf:3    | Entered Level 3 of the Elven Halls
 46974 | Elf:3    | Identified the +4 chain mail "Xoetyacono" {rElec} (You
                  | found it on level 3 of the Elven Halls)
 47213 | Elf:3    | Identified the amulet "Gyig" {RegenMP Fragile rN++}
 47287 | Elf:3    | Identified the amulet of Baq Xub {Faith rElec} (You found
                  | it on level 3 of the Elven Halls)
 47326 | Elf:3    | Found the +2 shield of Resistance {rF++ rC++ Will++}
 48027 | Elf:3    | Identified the +2 cloak of Hiebroiwn {Harm Will++ Regen+
                  | Str+4} (You found it on level 3 of the Elven Halls)
 48052 | Elf:3    | Identified the cursed +2 falchion of the Endless Expanse
                  | {flame, rElec rC++ Dex-5} (You found it on level 3 of the
                  | Elven Halls)
 48657 | Elf:3    | Got a dazzling great sword
 49099 | D:11     | Identified the +2 great sword of Xuppis {drain, rElec
                  | rPois} (You found it on level 3 of the Elven Halls)
 49344 | Vaults:2 | Bought the +1 buckler of Mental Paralysis {rC+ Will- Slay+5
                  | SInv} for 756 gold pieces
 49597 | Depths:1 | Entered Level 1 of the Depths
 49617 | Depths:1 | Noticed the Enchantress
 49618 | Depths:1 | Found a one-way gate to the infinite horrors of the Abyss.
 49620 | Depths:1 | Killed the Enchantress
 49644 | Depths:1 | Reached XP level 23. HP: 100/150 MP: 34/44
 50059 | Depths:1 | Found a broken altar of Ashenzari.
 50120 | Depths:1 | Found a gateway to Hell.
 50378 | Depths:1 | Got a faintly glowing wooden ring
 50415 | Depths:1 | Found a one-way gate leading to the halls of Pandemonium.
 50611 | Depths:1 | Identified the cursed +1 short sword of Equivalence {pain,
                  | rPois Will+ Str+3 Stlth-} (You found it on level 1 of the
                  | Depths)
 50612 | Depths:1 | Identified the ring of Qiaqul {+Fly rElec rN+ Will+} (You
                  | found it on level 1 of the Depths)
 51930 | Depths:2 | Noticed an ancient lich
 51941 | Depths:2 | Killed an ancient lich
 51942 | Depths:2 | Reached skill level 10 in Armour
 52287 | Depths:2 | Found a gateway to a ziggurat.
 52486 | Depths:2 | Identified the Almanac of Evil Rituals
 52540 | Depths:3 | Noticed a golden dragon
 52540 | Depths:3 | Noticed a golden dragon
 52543 | Depths:3 | Reached XP level 24. HP: 134/157 MP: 45/45
 52769 | Depths:3 | Identified the cursed +2 lajatang of the Endless March
                  | {venom, Will- Str+6 Int+3}
 53513 | Depths:4 | Found a magical portal.
 53522 | WizLab   | Entered The Hall of the Hellbinder
 53770 | WizLab   | Identified Sif Muna's Tome of Calling
 53804 | WizLab   | Learned a level 1 spell: Apportation
 53810 | WizLab   | Found a burning altar of Makhleb.
 53833 | WizLab   | Got an ancient brass ring
 53846 | WizLab   | Identified the ring of Jiro {rC+ Dex+5} (You found it in a
                  | wizard's laboratory)
 53987 | Depths:4 | Noticed Mennas
 54033 | Depths:4 | Killed Mennas
 54163 | Depths:4 | Identified the +2 leather armour of the Bouncing Friends
                  | {rPois rF+ Regen+}
 54187 | Depths:4 | Noticed a caustic shrike
 54354 | Depths:4 | Reached skill level 10 in Long Blades
 54354 | Depths:4 | Reached XP level 25. HP: 140/164 MP: 45/45
 54539 | Depths:4 | Acquired 1078 gold pieces
 54638 | Depths:4 | Identified the +9 spear of Ethereal Tenacity {freeze,
                  | Dex+5}
 54806 | Depths:4 | Noticed Saint Roka
 54838 | Depths:4 | Killed Saint Roka
 55250 | Depths:4 | Acquired the ring of Sylesiut {Int+2 Dex+6 SInv}
 55251 | Depths:4 | Acquired a book of Transfigurations
 55261 | Depths:5 | Entered Level 5 of the Depths
 55361 | Depths:5 | Found Ohyudag's Armour Shop.
 55459 | Depths:5 | Noticed Xtahua
 55466 | Depths:5 | Killed Xtahua
 55508 | Depths:4 | Reached skill level 5 in Evocations
 55541 | Depths:5 | Found Cexal's Distillery.
 55550 | Depths:5 | Bought a potion of curing for 45 gold pieces
 55550 | Depths:5 | Bought a potion of ambrosia for 120 gold pieces
 55550 | Depths:5 | Bought a potion of curing for 45 gold pieces
 55550 | Depths:5 | Bought a potion of heal wounds for 75 gold pieces
 55550 | Depths:5 | Bought a potion of curing for 45 gold pieces
 55550 | Depths:5 | Bought a potion of curing for 45 gold pieces
 55550 | Depths:5 | Bought a potion of brilliance for 60 gold pieces
 55558 | Depths:5 | Found Negoets's Antique Armour Emporium.
 55563 | Depths:5 | Found Wiresy's Gadget Emporium.
 55574 | Depths:5 | Found a gate to the Realm of Zot.
 55591 | Depths:5 | Found Qamastop's Gadget Shoppe.
 55615 | Depths:5 | Noticed a juggernaut
 55784 | Depths:5 | Killed a juggernaut
 55833 | Depths:5 | Found Jiqautigg's Book Shop.
 55994 | Depths:5 | Found Nafit's Gadget Shoppe.
 56222 | Depths:5 | Bought a pair of runed gloves for 360 gold pieces
 56491 | Depths:5 | Identified the +6 demon blade of Okawaru's Condemnation
                  | {flame, rPois rF+ MP+9 Dex+4} (You found it on level 5 of
                  | the Depths)
 57633 | D:11     | Gained mutation: You have a pair of small horns on your
                  | head. [potion of mutation]
 57633 | D:11     | Gained mutation: You are robust. (+10% HP) [potion of
                  | mutation]
 57633 | D:11     | Gained mutation: You are agile. (Dex +2) [potion of
                  | mutation]
 57634 | D:11     | Lost mutation: You have a pair of small horns on your head.
                  | [potion of mutation]
 57634 | D:11     | Lost mutation: You are agile. (Dex +2) [potion of mutation]
 57634 | D:11     | Gained mutation: Your spells are a little easier to cast,
                  | but a little less powerful. [potion of mutation]
 57634 | D:11     | Lost mutation: Your spells are a little easier to cast, but
                  | a little less powerful. [potion of mutation]
 57634 | D:11     | Gained mutation: Your flesh is heat resistant. (rF+)
                  | [potion of mutation]
 57634 | D:11     | Gained mutation: You are very robust. (+20% HP) [potion of
                  | mutation]
 57635 | D:11     | Lost mutation: Your flesh is heat resistant. (rF+) [potion
                  | of mutation]
 57635 | D:11     | Lost mutation: You are occasionally teleported next to
                  | monsters. [potion of mutation]
 57635 | D:11     | Lost mutation: You are very robust. (+20% HP) [potion of
                  | mutation]
 57635 | D:11     | Gained mutation: Armour fits poorly on your strangely
                  | shaped body. [potion of mutation]
 57635 | D:11     | Gained mutation: You are strong-willed. (Will+) [potion of
                  | mutation]
 57635 | D:11     | Gained mutation: You have a pair of small horns on your
                  | head. [potion of mutation]
 57663 | D:11     | Learned a level 7 spell: Spellforged Servitor
 57867 | Vaults:5 | Reached XP level 26. HP: 155/189 MP: 46/46
 57993 | Vaults:5 | Reached skill level 10 in Throwing
 58194 | Vaults:5 | Identified the amulet "Juroq" {Faith Str+6}
 58323 | Vaults:5 | Identified the +7 battleaxe of Destiny {vorpal, Will+
                  | Dex+2}
 58425 | Vaults:5 | Reached skill level 10 in Dodging
 58515 | Vaults:5 | Identified the +1 pair of gloves of a bailey {+Inv MP+9
                  | Str+2} (You found it on level 5 of the Vaults)
 58760 | Vaults:5 | Identified the ring of Kesmafit {*Tele Int+6 Stlth+} (You
                  | found it on level 5 of the Vaults)
 59145 | Vaults:5 | Got a silver rune of Zot
 60510 | Depths:1 | Voluntarily entered the Abyss.
 60599 | Abyss:1  | Reached XP level 27. HP: 148/196 MP: 24/47
 60655 | Abyss:2  | Found a corrupted altar of Lugonu.
 61474 | Abyss:3  | Got an abyssal rune of Zot
 61482 | Depths:1 | Escaped the Abyss
 61746 | Slime:1  | Entered Level 1 of the Pits of Slime
 61783 | Slime:2  | Reached skill level 10 in Conjurations
 62046 | Slime:5  | Entered Level 5 of the Pits of Slime
 62066 | Slime:5  | Noticed the Royal Jelly
 62077 | Slime:5  | Killed the Royal Jelly
 62222 | Slime:5  | Noticed Dissolution
 62228 | Slime:5  | Paralysed by a floating eye for 4 turns
 62232 | Slime:5  | Killed Dissolution
 62320 | Slime:5  | Gained mutation: You tend to lose your temper in combat. [a
                  | shining eye]
 62471 | Slime:5  | Got a twitching jade ring
 62473 | Slime:5  | Got a slimy rune of Zot
 62577 | Slime:5  | Identified the ring "Xiddiw" {Will+ Slay+4} (You found it
                  | on level 5 of the Pits of Slime)
 62590 | Slime:5  | Identified the +6 arbalest of Mana {venom, rC+ SInv} (You
                  | found it on level 5 of the Pits of Slime)
 62601 | Slime:5  | Identified the +0 dagger of Jatafuyfa {vamp, Str+2} (You
                  | found it on level 5 of the Pits of Slime)
 62822 | D:11     | Learned a level 4 spell: Airstrike
 62990 | Crypt:1  | Entered Level 1 of the Crypt
 63276 | Crypt:1  | Noticed Khufu
 63276 | Crypt:1  | Noticed a royal mummy
 63279 | Crypt:1  | Killed a royal mummy
 63280 | Crypt:1  | Reached skill level 1 in Air Magic
 63280 | Crypt:1  | Killed Khufu
 64031 | Crypt:2  | Noticed Sojobo
 64037 | Crypt:2  | Killed Sojobo
 64603 | Crypt:3  | Entered Level 3 of the Crypt
 64767 | Crypt:3  | Found a basalt altar of Yredelemnul.
 64867 | Crypt:3  | Found the cursed +13 scythe of Curses {drain, *Curse}
 65061 | Crypt:3  | Identified the +2 scale mail of Pride {Str+5} (You found it
                  | on level 3 of the Crypt)
 65112 | Crypt:3  | Noticed an ancient lich
 65124 | Crypt:3  | Killed an ancient lich
 65142 | Crypt:3  | Found a staircase to the Tomb.
 65794 | D:11     | Learned a level 9 spell: Tornado
 65978 | Hell     | Entered the Vestibule of Hell
 65978 | Hell     | Noticed Geryon
 65988 | Hell     | Killed Geryon
 66069 | Hell     | Found a gateway to the ashen valley of Gehenna.
 66151 | Hell     | Found a gateway to the decaying netherworld of Tartarus.
 66228 | Hell     | Found a gateway to the freezing wastes of Cocytus.
 66352 | Hell     | Found a gateway to the Iron City of Dis.
 66829 | Geh:1    | Entered Level 1 of Gehenna
 67433 | Geh:7    | Entered Level 7 of Gehenna
 68014 | Geh:7    | Reached skill level 5 in Air Magic
 68297 | Geh:7    | Found the +7 sceptre of Asmodeus
 68297 | Geh:7    | Noticed Asmodeus
 68351 | Geh:7    | Killed Asmodeus
 68465 | Geh:7    | Got an obsidian rune of Zot
 69084 | Coc:1    | Entered Level 1 of Cocytus
 69993 | Coc:6    | HP: 9/204 [ice dragon (12)]
 70181 | Coc:7    | Entered Level 7 of Cocytus
 70612 | Coc:7    | Reached skill level 27 in Earth Magic
 70976 | Coc:7    | Noticed Antaeus
 71002 | Coc:7    | Killed Antaeus
 71080 | Coc:7    | Got an icy rune of Zot
 71293 | Dis:1    | Entered Level 1 of the Iron City of Dis
 71302 | Dis:1    | You are sucked into a shaft and drop 1 floor!
 71488 | Dis:2    | You are sucked into a shaft and drop 2 floors!
 71938 | Dis:7    | Entered Level 7 of the Iron City of Dis
 72287 | Dis:7    | Reached skill level 15 in Dodging
 72609 | Dis:7    | Identified the Papyrus of Frigorific Curses
 72760 | Dis:7    | Reached skill level 10 in Air Magic
 73262 | Dis:7    | Got a glittering golden ring
 73263 | Dis:7    | Identified the ring "Cudon" {rN+ SInv} (You found it on
                  | level 7 of the Iron City of Dis)
 73590 | Dis:7    | Found the +4 staff of Dispater
 73590 | Dis:7    | Noticed Dispater
 73617 | Dis:7    | Got an iron rune of Zot
 73622 | Dis:7    | Got a wavering wooden ring
 73662 | Dis:7    | Killed Dispater
 73683 | Dis:7    | Identified the ring of Fottyvvu {Will+ AC+4 Dex+2} (You
                  | found it on level 7 of the Iron City of Dis)
 73687 | Dis:7    | Got a twisted short sword
 73688 | Dis:7    | Identified the cursed +1 short sword of Agiutay {holy,
                  | *Slow rElec MP-9 Dex+8} (You found it on level 7 of the
                  | Iron City of Dis)
 73862 | Tar:1    | Entered Level 1 of Tartarus
 75295 | Tar:4    | Noticed an ancient lich
 75308 | Tar:4    | Killed an ancient lich
 75669 | Tar:7    | Entered Level 7 of Tartarus
 75704 | Tar:7    | Noticed an ancient lich
 75708 | Tar:7    | Killed an ancient lich
 75862 | Tar:7    | Found the +5 scythe "Finisher" {speed, eviscerate}
 75880 | Tar:7    | Identified Eduoschitiy's Disquisition on Lethal Black Magic
 76176 | Tar:7    | Reached skill level 15 in Long Blades
 76202 | Tar:7    | Got a twisted fustibalus
 76203 | Tar:7    | Identified the +7 fustibalus of Autumn {vorpal, rPois
                  | Str+3} (You found it on level 7 of Tartarus)
 76275 | Tar:7    | Got a dazzling mace
 76276 | Tar:7    | Identified the cursed +0 mace "Xanwoung" {vorpal, rC+} (You
                  | found it on level 7 of Tartarus)
 76370 | Tar:7    | Noticed an ancient lich
 76374 | Tar:7    | Killed an ancient lich
 76632 | Tar:7    | Identified the Papyrus of the Arsonist and Intoxication
 76639 | Tar:7    | Got a glimmering ring mail
 76670 | Tar:7    | Got a jewelled great mace
 76686 | Tar:7    | Identified the +4 ring mail of Vienopel {rF+} (You found it
                  | on level 7 of Tartarus)
 76697 | Tar:7    | Got a scintillating ruby amulet
 76748 | Tar:7    | Noticed the Serpent of Hell
 76780 | Tar:7    | Killed the Serpent of Hell
 76877 | Tar:7    | Noticed Ereshkigal
 77201 | Tar:7    | Killed Ereshkigal
 77232 | Tar:7    | Got a bone rune of Zot
 77543 | D:11     | Identified the cursed +0 great mace of Cuacopapt {freeze,
                  | rElec rN+ Str-2 Stlth+} (You found it on level 7 of
                  | Tartarus)
 77994 | D:11     | Lost mutation: You tend to lose your temper in combat.
                  | [potion of mutation]
 77994 | D:11     | Lost mutation: Armour fits poorly on your strangely shaped
                  | body. [potion of mutation]
 77994 | D:11     | Lost mutation: You have a pair of small horns on your head.
                  | [potion of mutation]
 77994 | D:11     | Gained mutation: You are clumsy. (Dex -2) [potion of
                  | mutation]
 77994 | D:11     | Gained mutation: You passively map a small area around you.
                  | [potion of mutation]
 78006 | D:11     | Identified the amulet of Zeti {Reflect +Inv rC++ Slay-3
                  | SH+5 Stlth+} (You found it on level 7 of Tartarus)
 78031 | D:11     | Learned a level 8 spell: Chain Lightning
 78245 | Zig:1    | Entered Level 1 of a ziggurat
 78263 | Zig:2    | Entered Level 2 of a ziggurat
 78303 | Zig:3    | Entered Level 3 of a ziggurat
 78333 | Zig:4    | Entered Level 4 of a ziggurat
 78350 | Zig:5    | Entered Level 5 of a ziggurat
 78388 | Zig:6    | Entered Level 6 of a ziggurat
 78441 | Zig:7    | Entered Level 7 of a ziggurat
 78471 | Zig:7    | Identified Nios's Handbook of Enchantment and Black Secrets
 78476 | Zig:7    | Got a brightly glowing great sword
 78488 | Zig:7    | Identified the cursed +3 great sword "Hogiset" {flame, rC+
                  | rN+ Dex+6 Stlth-} (You found it on level 7 of a ziggurat)
 78493 | Zig:7    | Got an ancient hand crossbow
 78494 | Zig:7    | Identified the cursed +2 hand crossbow of Amnaaq {penet,
                  | Dex+9} (You found it on level 7 of a ziggurat)
 78496 | Zig:7    | Got a bloodstained rapier
 78497 | Zig:7    | Identified the cursed +1 rapier "Zyescha" {vorpal, Int+4}
                  | (You found it on level 7 of a ziggurat)
 78511 | Zig:8    | Entered Level 8 of a ziggurat
 78521 | Zig:8    | Noticed an orb of fire
 78530 | Zig:8    | Killed an orb of fire
 78541 | Zig:8    | Identified the Volume of Blows and Bruises and Flames
 78547 | Zig:8    | Got a crude short sword
 78563 | Zig:8    | Identified the +2 short sword of Certain Death {vorpal,
                  | Int+4} (You found it on level 8 of a ziggurat)
 78568 | Zig:8    | Got an ancient silver ring
 78572 | Zig:8    | Identified the ring "Atyochirr" {rC+ Str+6} (You found it
                  | on level 8 of a ziggurat)
 78576 | Zig:9    | Entered Level 9 of a ziggurat
 78586 | Zig:9    | Noticed an ancient lich
 78592 | Zig:9    | Killed an ancient lich
 78603 | Zig:9    | Identified the Guide on the Cloudy Rocks
 78636 | Zig:9    | Got a transparent bronze ring
 78639 | Zig:9    | Got a pair of spiked boots
 78659 | Zig:9    | Identified the +2 pair of boots of Zosiur {rC- Dex+9} (You
                  | found it on level 9 of a ziggurat)
 78680 | Zig:10   | Entered Level 10 of a ziggurat
 78689 | Zig:10   | Noticed Xyt Qaor the pandemonium lord
 78691 | Zig:10   | Killed Xyt Qaor the pandemonium lord
 78735 | Zig:10   | Identified the ring of Womoz {Fire Slay+5} (You found it on
                  | level 9 of a ziggurat)
 78748 | Zig:10   | Got a brightly glowing robe
 78759 | Zig:10   | Identified the +1 robe of Shrieking Happiness {rElec rPois
                  | Stlth+} (You found it on level 10 of a ziggurat)
 78767 | Zig:10   | Got a crude ring mail
 78773 | Zig:10   | Identified the +4 ring mail of Umecw {Dex+2} (You found it
                  | on level 10 of a ziggurat)
 78787 | Zig:11   | Entered Level 11 of a ziggurat
 78796 | Zig:11   | Lost mutation: You are robust. (+10% HP) [a shining eye]
 78820 | Zig:11   | Got a heavily runed silver ring
 78841 | Zig:11   | Reached skill level 15 in Air Magic
 78848 | Zig:11   | Got a translucent bone ring
 78850 | Zig:11   | Identified the ring of Resumed Hostilities {rF+ Dex+3} (You
                  | found it on level 11 of a ziggurat)
 78852 | Zig:11   | Identified the ring of the Crown {Will+ Slay+2} (You found
                  | it on level 11 of a ziggurat)
 78862 | Zig:11   | Got an ancient chain mail
 78867 | Zig:11   | Got an encrusted long sword
 78868 | Zig:11   | Identified the cursed +0 long sword of the Candelabrum
                  | {freeze, rC+} (You found it on level 11 of a ziggurat)
 78881 | Zig:11   | Identified the +5 chain mail of Integrity {rPois} (You
                  | found it on level 11 of a ziggurat)
 78904 | Zig:12   | Entered Level 12 of a ziggurat
 78920 | Zig:12   | Noticed an ancient lich
 78928 | Zig:12   | Killed an ancient lich
 78964 | Zig:12   | Got a fine marble ring
 78968 | Zig:12   | Identified the ring of the Echidna {rElec MP+9 Int+3} (You
                  | found it on level 12 of a ziggurat)
 79004 | Zig:13   | Entered Level 13 of a ziggurat
 79018 | Zig:13   | Noticed Nenig's ghost (legendary GnFi)
 79018 | Zig:13   | Noticed Talannal's ghost (legendary GnWz)
 79019 | Zig:13   | Noticed Chiseanne's ghost (legendary DsWn)
 79067 | Zig:14   | Entered Level 14 of a ziggurat
 79115 | Zig:14   | Noticed Waares the pandemonium lord
 79126 | Zig:14   | Killed Waares the pandemonium lord
 79221 | Zig:15   | Entered Level 15 of a ziggurat
 79359 | Zig:15   | Identified the +4 plate armour of Hytwionamn {Harm Int+3}
                  | (You found it on level 15 of a ziggurat)
 79369 | Zig:16   | Entered Level 16 of a ziggurat
 79392 | Zig:16   | Reached skill level 27 in Spellcasting
 79393 | Zig:16   | Reached skill level 15 in Conjurations
 79426 | Zig:16   | Identified the +5 morningstar "Toat" {venom, rPois Int+7
                  | Dex-4 Stlth+} (You found it on level 16 of a ziggurat)
 79428 | Zig:16   | Got a faintly humming leather armour
 79439 | Zig:16   | Identified the +2 leather armour of the Present {rF+ Will+
                  | MP+9} (You found it on level 16 of a ziggurat)
 79453 | Zig:16   | Got a fine steel ring
 79455 | Zig:16   | Identified the ring of Vuviox {+Blink +Inv EV+4 Int-3
                  | Dex+5} (You found it on level 16 of a ziggurat)
 79460 | Zig:16   | Got a scorched hand crossbow
 79461 | Zig:16   | Identified the +5 hand crossbow of the Howling Sybil
                  | {vorpal, rPois Str+5} (You found it on level 16 of a
                  | ziggurat)
 79473 | Zig:17   | Entered Level 17 of a ziggurat
 79683 | Zig:17   | Identified the Grimoire of Gliding Bewitchment
 79755 | Zig:18   | Entered Level 18 of a ziggurat
 79804 | Zig:18   | Found the +3 Elemental Staff {rElec rF++ rC++ Will++ AC+5}
 79828 | Zig:18   | Acquired the ring "Lequm" {Ice Str-2 Int+2 Slay+2 Stlth+}
 79833 | Zig:18   | Identified the amulet of Gypoax {Inacc Str+3} (You found it
                  | on level 18 of a ziggurat)
 79838 | Zig:18   | Identified the +8 demon whip of Crusades {flame, *Corrode
                  | rPois Will+ Int+5} (You found it on level 18 of a ziggurat)
 79850 | Zig:18   | Identified the +0 falchion "Usajy" {vorpal, +Inv MP+9} (You
                  | found it on level 18 of a ziggurat)
 79891 | Zig:19   | Entered Level 19 of a ziggurat
 79909 | Zig:19   | Noticed Mysuacw the pandemonium lord
 79909 | Zig:19   | Noticed Hicwoag the pandemonium lord
 79911 | Zig:19   | Noticed Jeum the pandemonium lord
 79911 | Zig:19   | Noticed Olisch the pandemonium lord
 79913 | Zig:19   | Noticed Fatsaonk the pandemonium lord
 79913 | Zig:19   | Noticed Wabuq the pandemonium lord
 79914 | Zig:19   | Killed Hicwoag the pandemonium lord
 79914 | Zig:19   | Killed Jeum the pandemonium lord
 79914 | Zig:19   | Killed Mysuacw the pandemonium lord
 79916 | Zig:19   | Killed Olisch the pandemonium lord
 79921 | Zig:19   | Killed Wabuq the pandemonium lord
 79923 | Zig:19   | Killed Fatsaonk the pandemonium lord
 79941 | Zig:19   | Found the +2 robe of Vines {NoPotionHeal Regen+7}
 79990 | Zig:19   | Identified Yrasim's Wizardry in Simple Steps
 80021 | Zig:19   | Reached skill level 15 in Armour
 80024 | Zig:19   | Got a bloodstained quarterstaff
 80030 | Zig:19   | Identified the +11 quarterstaff "Uduaboid" {freeze, rC++}
                  | (You found it on level 19 of a ziggurat)
 80043 | Zig:20   | Entered Level 20 of a ziggurat
 80173 | Zig:20   | Identified the Catalogue of Confrontation
 80238 | Zig:21   | Entered Level 21 of a ziggurat
 80275 | Zig:21   | Found the +8 arc blade {discharge, rElec}
 80296 | Zig:21   | Identified the Papyrus of Freezing Fire
 80327 | Zig:21   | Got a crude copper ring
 80336 | Zig:21   | Identified Pabies's Compendium of the Birds and Curses
 80350 | Zig:21   | Identified the Papyrus of Darkness and the Entourage
 80374 | Zig:21   | Identified the ring "Daywnaol" {*Drain rC++ Will+ Str+4
                  | Dex+6} (You found it on level 21 of a ziggurat)
 80394 | Zig:22   | Entered Level 22 of a ziggurat
 80472 | Zig:22   | Found the +8 lance "Wyrmbane" {slay drac, rPois rF+ rC+
                  | AC+3}
 80473 | Zig:22   | Found the +7 Spriggan's Knife {stab, EV+4 Stlth+}
 80486 | Zig:22   | Identified the Catalogue of the Fiery Rocks
 80544 | Zig:22   | Got a heavily runed golden ring
 80555 | Zig:22   | Got a bloodstained scythe
 80564 | Zig:22   | Acquired 1020 gold pieces
 80592 | Zig:22   | Identified the ring "Asonoesch" {rElec Will+ MP+9 Dex+6
                  | Stlth+} (You found it on level 22 of a ziggurat)
 80621 | Zig:22   | Identified the +8 scythe of Inquiry {elec, rElec rF++} (You
                  | found it on level 22 of a ziggurat)
 80643 | Zig:23   | Entered Level 23 of a ziggurat
 80663 | Zig:23   | Noticed a juggernaut
 80663 | Zig:23   | Noticed a juggernaut
 80665 | Zig:23   | Noticed a juggernaut
 80667 | Zig:23   | Killed a juggernaut
 80667 | Zig:23   | Killed a juggernaut
 80668 | Zig:23   | Reached skill level 5 in Maces & Flails
 80669 | Zig:23   | Killed a juggernaut
 80669 | Zig:23   | Noticed a juggernaut
 80671 | Zig:23   | Noticed a juggernaut
 80672 | Zig:23   | Noticed a juggernaut
 80673 | Zig:23   | Killed a juggernaut
 80673 | Zig:23   | Killed a juggernaut
 80674 | Zig:23   | Killed a juggernaut
 80675 | Zig:23   | Noticed a juggernaut
 80676 | Zig:23   | Reached skill level 27 in Fighting
 80678 | Zig:23   | Killed a juggernaut
 80724 | Zig:23   | Found the +0 pair of fencer's gloves {Riposte Dex+3}
 80782 | Zig:23   | Identified the Collected Works on Cloudy Attacks
 80784 | Zig:23   | Identified the Volume of Venomous Attacks
 80814 | Zig:23   | Got a dazzling cloak
 80825 | Zig:23   | Identified the cursed -4 cloak "Ufai" {*Corrode rF+ rC+}
                  | (You found it on level 23 of a ziggurat)
 80840 | Zig:23   | Got a spiked scale mail
 80851 | Zig:23   | Identified the +1 scale mail "Cokhyz" {*Corrode +Inv rElec
                  | MP+9} (You found it on level 23 of a ziggurat)
 80874 | Zig:24   | Entered Level 24 of a ziggurat
 80975 | Zig:24   | Reached skill level 15 in Throwing
 81025 | Zig:24   | Identified the Almanac of Unstable Dislocation
 81076 | Zig:24   | Got a brightly glowing wooden ring
 81078 | Zig:24   | Got a scorched hunting sling
 81086 | Zig:24   | Got a steaming eveningstar
 81089 | Zig:24   | Got a smouldering leather armour
 81094 | Zig:24   | Got a scorched flail
 81108 | Zig:24   | Identified the cursed +1 hunting sling "Bedin" {flame,
                  | rElec rPois} (You found it on level 24 of a ziggurat)
 81110 | Zig:24   | Identified the +12 eveningstar of Nuulel {holy, rElec Str+5
                  | Dex-3} (You found it on level 24 of a ziggurat)
 81111 | Zig:24   | Identified the +2 flail "Killer Bee's Death" {vorpal,
                  | *Drain rPois rN+ Str+6} (You found it on level 24 of a
                  | ziggurat)
 81125 | Zig:24   | Identified the +1 leather armour of Dogmatism {Dex+7} (You
                  | found it on level 24 of a ziggurat)
 81138 | Zig:24   | Identified the cursed ring "Ugempodwu" {rElec rN+ EV-4}
                  | (You found it on level 24 of a ziggurat)
 81159 | Zig:25   | Entered Level 25 of a ziggurat
 81273 | Zig:25   | Reached skill level 1 in Staves
 81525 | Zig:25   | Identified the ring of Ukhloig {Ice rElec rN+ Dex-2} (You
                  | found it on level 25 of a ziggurat)
 81527 | Zig:25   | Identified the ring "Kulinaiz" {Ice rN+} (You found it on
                  | level 25 of a ziggurat)
 81558 | Zig:25   | Got a jewelled buckler
 81563 | Zig:25   | Got a spiked cloak
 81568 | Zig:25   | Got a brightly glowing rapier
 81573 | Zig:25   | Got a masterwork mace
 81594 | Zig:25   | Got a faintly humming robe
 81598 | Zig:25   | Got a crude fustibalus
 81615 | Zig:25   | Identified the +1 buckler of Insecurity {+Inv rN+} (You
                  | found it on level 25 of a ziggurat)
 81635 | Zig:25   | Identified the +1 cloak of the Cicada {Stlth+} (You found
                  | it on level 25 of a ziggurat)
 81675 | Zig:25   | Identified the +1 robe of Chill Winds {rF+ rCorr} (You
                  | found it on level 25 of a ziggurat)
 81693 | Zig:25   | Identified the +7 rapier "Xitot" {drain, Int+3 Dex+2} (You
                  | found it on level 25 of a ziggurat)
 81694 | Zig:25   | Identified the +3 mace of Youthful Indiscretion {drain,
                  | SInv Stlth+} (You found it on level 25 of a ziggurat)
 81695 | Zig:25   | Identified the +8 fustibalus of Summertime {speed, rN+}
                  | (You found it on level 25 of a ziggurat)
 81718 | Zig:26   | Entered Level 26 of a ziggurat
 81752 | Zig:26   | Noticed Ymimitam the pandemonium lord
 81773 | Zig:26   | Killed Ymimitam the pandemonium lord
 81871 | Zig:26   | Found the +0 staff of Battle
 82248 | Zig:26   | Got a creamy pearl robe
 82266 | Zig:26   | Got a brightly glowing buckler
 82268 | Zig:26   | Got a polished scale mail
 82297 | Zig:26   | Acquired 677 gold pieces
 82299 | Zig:26   | Identified the +1 scale mail of Compression {Str+3} (You
                  | found it on level 26 of a ziggurat)
 82300 | Zig:26   | Identified the cursed +0 robe "Xith" {*Drain rF+++ rCorr
                  | Str-5} (You found it on level 26 of a ziggurat)
 82301 | Zig:26   | Identified the +0 buckler "Unnieq" {Slay+2 SInv} (You found
                  | it on level 26 of a ziggurat)
 82329 | Zig:27   | Entered Level 27 of a ziggurat
 82587 | Zig:27   | Identified Sif Muna's Tome of Fetching Lightness
 82598 | Zig:27   | Got a bound golden ring
 82627 | Zig:27   | Identified Vehumet's Papyrus of Cloudy Battle Magic
 82634 | Zig:27   | Got a wavering steel ring
 82636 | Zig:27   | Identified Sif Muna's Compendium of Poisoning and Clay
 82656 | Zig:27   | Got a steaming war axe
 82660 | Zig:27   | Got a transparent robe
 82674 | Zig:27   | Identified the ring of the Greedy {rF+ Str+4 Dex+6 Stlth+}
                  | (You found it on level 27 of a ziggurat)
 82675 | Zig:27   | Identified the ring of Wigebos {rC+ MP-9 Dex+6} (You found
                  | it on level 27 of a ziggurat)
 82679 | Zig:27   | Got a translucent troll leather armour
 82685 | Zig:27   | Identified the +9 war axe of Midwinter {venom, *Corrode rC+
                  | Str+4 Dex+4} (You found it on level 27 of a ziggurat)
 82686 | Zig:27   | Identified the +4 troll leather armour "Imuddech" {Regen+
                  | Int+3 Slay+2 SInv} (You found it on level 27 of a ziggurat)
 82687 | Zig:27   | Identified the +1 robe "Hero's Friend" {rC+ Will++ Int-5}
                  | (You found it on level 27 of a ziggurat)
 83030 | D:11     | Learned a level 8 spell: Lehudib's Crystal Spear
 83168 | Pan      | Entered Pandemonium
 83359 | Pan      | Found a transporter.
 83432 | Pan      | Found a transporter.
 83711 | Pan      | Found an exit through the horrors of the Abyss.
 83934 | Pan      | Paralysed by a Zot trap for 3 turns
 83938 | Pan      | Gained mutation: Your magical capacity is low. (-10% MP)
                  | [mutagenic glow]
 83948 | Pan      | HP: 2/199 [Executioner (8)]
 83948 | Pan      | Gained mutation: You occasionally shout uncontrollably at
                  | your foes. [mutagenic glow]
 83965 | Pan      | Gained mutation: You are weak. (Str -2) [mutagenic glow]
 83983 | Pan      | Gained mutation: Your spells are a little easier to cast,
                  | but a little less powerful. [mutagenic glow]
 84211 | Pan      | Got a transparent wooden ring
 84220 | Pan      | Got a crude garnet amulet
 84269 | Pan      | Identified the ring "Juadicoz" {Str+6 SInv Stlth+} (You
                  | found it in Pandemonium)
 84319 | Pan      | Took an exit into the Abyss.
 84319 | Abyss:1  | Escaped into the Abyss
 84675 | Abyss:1  | Reached skill level 10 in Maces & Flails
 84689 | Depths:1 | Escaped the Abyss
 84834 | D:11     | Identified the amulet of Fanaticism {Spirit *Corrode rN+++
                  | Will+ Str+4} (You found it in Pandemonium)
 84855 | D:11     | Lost mutation: You are clumsy. (Dex -2) [potion of
                  | mutation]
 84855 | D:11     | Lost mutation: You occasionally shout uncontrollably at
                  | your foes. [potion of mutation]
 84855 | D:11     | Lost mutation: You are weak. (Str -2) [potion of mutation]
 84855 | D:11     | Gained mutation: You have a pair of small horns on your
                  | head. [potion of mutation]
 84855 | D:11     | Lost mutation: Your spells are a little easier to cast, but
                  | a little less powerful. [potion of mutation]
 84855 | D:11     | Gained mutation: You passively map the area around you.
                  | [potion of mutation]
 84855 | D:11     | Gained mutation: Your spells are a little harder to cast,
                  | but a little more powerful. [potion of mutation]
 84856 | D:11     | Lost mutation: Your magical capacity is low. (-10% MP)
                  | [potion of mutation]
 84856 | D:11     | Lost mutation: Your spells are a little harder to cast, but
                  | a little more powerful. [potion of mutation]
 84856 | D:11     | Gained mutation: You are clumsy. (Dex -2) [potion of
                  | mutation]
 84856 | D:11     | Gained mutation: Your muscles are strong. (Str +2) [potion
                  | of mutation]
 84856 | D:11     | Gained mutation: You are covered in fur. (AC +1) [potion of
                  | mutation]
 85016 | Pan      | Entered Pandemonium
 85076 | Pan      | Noticed Xuanunac the pandemonium lord
 85089 | Pan      | Killed Xuanunac the pandemonium lord
 85103 | Pan      | Got a smouldering lajatang
 85219 | Pan      | Identified the +7 lajatang of Kabbaigia {speed, Str+2} (You
                  | found it in Pandemonium)
 85304 | Pan      | Found an exit through the horrors of the Abyss.
 85868 | Pan      | Noticed Reyl the pandemonium lord
 85874 | Pan      | Killed Reyl the pandemonium lord
 85875 | Pan      | Reached skill level 10 in Stealth
 85918 | Pan      | Got a demonic rune of Zot
 86184 | Pan      | Entered the realm of Gloorx Vloq.
 86910 | Pan      | Noticed Gloorx Vloq
 86926 | Pan      | Killed Gloorx Vloq
 86945 | Pan      | Got a dark rune of Zot
 87034 | Pan      | Entered the realm of Mnoleg.
 87079 | Pan      | Found an exit through the horrors of the Abyss.
 87310 | Pan      | Noticed Mnoleg
 87324 | Pan      | Killed Mnoleg
 87364 | Pan      | Got a glowing rune of Zot
 88111 | Pan      | Noticed Sanenuok the pandemonium lord
 88124 | Pan      | Killed Sanenuok the pandemonium lord
 88234 | Pan      | Identified the +5 shortbow of Guytemef {vorpal, Will+
                  | Int+5}
 88837 | Pan      | Noticed Gaes the pandemonium lord
 88851 | Pan      | Killed Gaes the pandemonium lord
 89055 | Pan      | Found an exit through the horrors of the Abyss.
 89264 | Pan      | Noticed Tynin the pandemonium lord
 89279 | Pan      | Killed Tynin the pandemonium lord
 89536 | Pan      | Acquired 389 gold pieces
 89625 | Pan      | Entered the realm of Lom Lobon.
 89628 | Pan      | Got a magical rune of Zot
 89658 | Pan      | Entered the realm of Cerebov.
 89843 | Pan      | Found an exit through the horrors of the Abyss.
 90389 | Pan      | Identified the +10 bardiche of the Curious Deaths {protect,
                  | rC+ Will+}
 90389 | Pan      | Identified the ring "Buba" {rF- MP+9 Dex+4 Stlth-}
 90464 | Pan      | Identified the Disquisition on Spatial Earth
 90490 | Pan      | Found the +6 sword of Cerebov {flame}
 90490 | Pan      | Noticed Cerebov
 90510 | Pan      | Killed Cerebov
 90692 | Pan      | Identified the +1 pair of boots "Emaph" {-Tele Harm rN+
                  | rCorr} (You found it in Pandemonium)
 90694 | Pan      | Identified the +1 spear "Penal" {vorpal, Dex+4} (You found
                  | it in Pandemonium)
 90725 | Pan      | Identified the amulet "Maof" {Acrobat rN+ Str+4 Int+4} (You
                  | found it in Pandemonium)
 90755 | Pan      | Identified the Disquisition on Battle Magic
 90782 | Pan      | Identified the Reference Book on Floating Evil Magic
 90841 | Pan      | Got a fiery rune of Zot
 91078 | Pan      | Took an exit into the Abyss.
 91078 | Abyss:1  | Escaped into the Abyss
 91078 | Abyss:1  | Found a corrupted altar of Lugonu.
 91175 | Depths:1 | Escaped the Abyss
 91333 | D:11     | Learned a level 5 spell: Fireball
 91592 | Tomb:1   | Entered Level 1 of the Tomb of the Ancients
 91740 | Tomb:1   | Reached skill level 15 in Maces & Flails
 91889 | Tomb:1   | Noticed a royal mummy
 91893 | Tomb:1   | Noticed a royal mummy
 91895 | Tomb:1   | Killed a royal mummy
 91896 | Tomb:1   | Noticed a royal mummy
 91904 | Tomb:1   | Noticed a royal mummy
 91906 | Tomb:1   | Killed a royal mummy
 91906 | Tomb:1   | Noticed a royal mummy
 91907 | Tomb:1   | Noticed a royal mummy
 91909 | Tomb:1   | Killed a royal mummy
 91909 | Tomb:1   | Killed a royal mummy
 91909 | Tomb:1   | Noticed a royal mummy
 92065 | Tomb:1   | Noticed an ancient lich
 92068 | Tomb:1   | Killed an ancient lich
 92075 | Tomb:1   | Noticed a royal mummy
 92087 | Tomb:1   | Noticed a royal mummy
 92089 | Tomb:1   | Killed a royal mummy
 92089 | Tomb:1   | Noticed a royal mummy
 92090 | Tomb:1   | Reached skill level 1 in Translocations
 92091 | Tomb:1   | Killed a royal mummy
 92093 | Tomb:1   | Killed a royal mummy
 92095 | Tomb:1   | Killed a royal mummy
 92097 | Tomb:1   | Noticed a royal mummy
 92105 | Tomb:1   | Noticed a royal mummy
 92283 | Tomb:1   | Killed a royal mummy
 92306 | Tomb:1   | Killed a royal mummy
 92310 | Tomb:1   | Killed a royal mummy
 92425 | Tomb:1   | Noticed a royal mummy
 92428 | Tomb:1   | Killed a royal mummy
 92429 | Tomb:1   | Noticed a royal mummy
 92430 | Tomb:1   | Noticed a royal mummy
 92441 | Tomb:1   | Killed a royal mummy
 92441 | Tomb:1   | Noticed a royal mummy
 92442 | Tomb:1   | Reached skill level 1 in Summonings
 92445 | Tomb:1   | Killed a royal mummy
 92455 | Tomb:1   | Noticed a royal mummy
 92460 | Tomb:1   | Killed a royal mummy
 92463 | Tomb:1   | Killed a royal mummy
 92465 | Tomb:1   | Killed a royal mummy
 92607 | Tomb:1   | Noticed a royal mummy
 92611 | Tomb:1   | Killed a royal mummy
 92647 | Tomb:1   | Noticed a royal mummy
 92653 | Tomb:1   | Killed a royal mummy
 92672 | Tomb:1   | Noticed a royal mummy
 92676 | Tomb:1   | Killed a royal mummy
 92683 | Tomb:1   | Noticed a royal mummy
 92688 | Tomb:1   | Killed a royal mummy
 92690 | Tomb:1   | Noticed a royal mummy
 92695 | Tomb:1   | Killed a royal mummy
 92724 | Tomb:1   | Noticed a royal mummy
 92729 | Tomb:1   | Killed a royal mummy
 92818 | Tomb:1   | Noticed a royal mummy
 92822 | Tomb:1   | Killed a royal mummy
 93035 | Tomb:2   | Noticed a royal mummy
 93035 | Tomb:2   | Noticed a royal mummy
 93035 | Tomb:2   | Noticed a royal mummy
 93035 | Tomb:2   | Noticed a royal mummy
 93038 | Tomb:2   | Killed a royal mummy
 93039 | Tomb:2   | Killed a royal mummy
 93039 | Tomb:2   | Killed a royal mummy
 93040 | Tomb:2   | Killed a royal mummy
 93503 | Tomb:3   | Entered Level 3 of the Tomb of the Ancients
 93523 | Tomb:3   | Noticed a royal mummy
 93661 | Tomb:3   | Noticed a royal mummy
 93662 | Tomb:3   | Noticed a royal mummy
 93662 | Tomb:3   | Noticed an ancient lich
 93663 | Tomb:3   | Killed a royal mummy
 93664 | Tomb:3   | Reached skill level 5 in Translocations
 93664 | Tomb:3   | Killed an ancient lich
 93664 | Tomb:3   | Killed a royal mummy
 93664 | Tomb:3   | Noticed a royal mummy
 93666 | Tomb:3   | Noticed a royal mummy
 93667 | Tomb:3   | Killed a royal mummy
 93667 | Tomb:3   | Noticed a royal mummy
 93667 | Tomb:3   | Noticed a royal mummy
 93667 | Tomb:3   | Noticed an ancient lich
 93669 | Tomb:3   | Killed a royal mummy
 93669 | Tomb:3   | Killed a royal mummy
 93669 | Tomb:3   | Killed a royal mummy
 93672 | Tomb:3   | Killed an ancient lich
 93673 | Tomb:3   | Killed a royal mummy
 93957 | Tomb:3   | Found the +3 robe of Clouds {+Thunder rCloud rElec}
 94005 | Tomb:3   | Identified Razi's Collected Works on the Frostbite and
                  | Flames
 94008 | Tomb:3   | Got a twitching ruby amulet
 94031 | Tomb:3   | Identified the Handbook of Poisonous Combat Magic
 94131 | Tomb:3   | Got a golden rune of Zot
 94203 | Tomb:3   | Identified the amulet "Pevaivump" {RegenMP Stlth+} (You
                  | found it on level 3 of the Tomb of the Ancients)
 94215 | Tomb:3   | Identified the +2 short sword of Gotutamuf {flame, MP+9}
                  | (You found it on level 3 of the Tomb of the Ancients)
 94219 | Tomb:3   | Identified the cursed +0 plate armour "Kuxi" {+Blink rElec
                  | rF- rN+++} (You found it on level 3 of the Tomb of the
                  | Ancients)
 94646 | D:11     | Lost mutation: You are clumsy. (Dex -2) [potion of
                  | mutation]
 94646 | D:11     | Lost mutation: Your muscles are strong. (Str +2) [potion of
                  | mutation]
 94646 | D:11     | Lost mutation: You have a pair of small horns on your head.
                  | [potion of mutation]
 94646 | D:11     | Gained mutation: You do not regenerate when monsters are
                  | visible. [potion of mutation]
 94646 | D:11     | Gained mutation: You have a pair of small antennae on your
                  | head. [potion of mutation]
 94647 | D:11     | Lost mutation: You are strong-willed. (Will+) [potion of
                  | mutation]
 94647 | D:11     | Lost mutation: You do not regenerate when monsters are
                  | visible. [potion of mutation]
 94647 | D:11     | Gained mutation: Your flesh is heat resistant. (rF+)
                  | [potion of mutation]
 94911 | Zot:1    | Entered Level 1 of the Realm of Zot
 95406 | Zot:1    | Found a runed translucent door.
 95408 | Zot:1    | Noticed Flapstick's ghost (legendary HaBe)
 96033 | Zot:2    | Reached skill level 5 in Staves
 96420 | Zot:3    | Noticed an orb of fire
 96421 | Zot:3    | Killed an orb of fire
 96559 | Zot:3    | Reached skill level 27 in Conjurations
 97853 | Zot:4    | Noticed an ancient lich
 97854 | Zot:4    | Found a stormy altar of Qazlal.
 97859 | Zot:4    | Killed an ancient lich
 97908 | Zot:5    | Entered Level 5 of the Realm of Zot
 97921 | Zot:5    | Found Koce's Changing Room.
 98088 | Zot:5    | Identified the cursed ring "Tazoilu" {AC-4 Int+3} (You
                  | found it on level 5 of the Realm of Zot)
 98322 | Zot:5    | Noticed an ancient lich
 98322 | Zot:5    | Noticed an orb of fire
 98322 | Zot:5    | Noticed an orb of fire
 98326 | Zot:5    | Killed an ancient lich
 98326 | Zot:5    | Killed an orb of fire
 98326 | Zot:5    | Noticed an orb of fire
 98327 | Zot:5    | Killed an orb of fire
 98327 | Zot:5    | Noticed an orb of fire
 98327 | Zot:5    | Noticed an ancient lich
 98329 | Zot:5    | Killed an ancient lich
 98336 | Zot:5    | Noticed an orb of fire
 98418 | Zot:5    | Killed an orb of fire
 98418 | Zot:5    | Noticed a juggernaut
 98418 | Zot:5    | a Killer Klown changed into a juggernaut
 98448 | Zot:5    | Killed a juggernaut
 98489 | Zot:5    | Identified Tezuemext's Volume of Black Rituals and Creation
 98516 | Zot:5    | Noticed an ancient lich
 98535 | Zot:5    | Killed an orb of fire
 98542 | Zot:5    | Noticed an orb of fire
 98708 | Zot:5    | Noticed an ancient lich
 98711 | Zot:5    | Killed an ancient lich
 98787 | Zot:5    | Identified the cursed +0 helmet of the Accordion {*Slow
                  | rPois rF+++ Int+4} (You found it on level 5 of the Realm of
                  | Zot)
 98818 | Zot:5    | Noticed an orb of fire
 98823 | Zot:5    | Killed an orb of fire
 98848 | Zot:5    | Identified the cursed +1 lajatang "Pecwejasa" {venom,
                  | Fragile rC+ rN+}
 98858 | Zot:5    | Gained mutation: You occasionally shout uncontrollably at
                  | your foes. [an orb of fire]
 99268 | Zot:5    | Killed an ancient lich
 99269 | Zot:5    | Reached skill level 5 in Ice Magic
 99273 | Zot:5    | Killed an orb of fire
 99302 | Zot:5    | Killed an orb of fire
 99325 | Zot:5    | Got the Orb of Zot
 99421 | Zot:4    | Noticed Diusiojibb the pandemonium lord
 99638 | Depths:3 | Noticed Naimuser the pandemonium lord
 99641 | Depths:3 | Killed Naimuser the pandemonium lord
 99919 | D:10     | Noticed Wukhluy the pandemonium lord
100103 | D:$      | Escaped with the Orb!

Illustrated notes

Levels and vault maps discovered:
D:1:      ncdulo_wetmaze, layout_loops_ring
D:2:      layout_rooms
D:3:      layout_rooms, st_stairs_14, fedhas_altar_4
D:4:      layout_loops_ring, minmay_temple_entry_grid, enter_ossuary_4,
          gup_sewer_entry_pipe, uniq_grinder
D:5:      layout_cave_pools, serial_shops, nicolae_shop_crystal
D:6:      layout_basic, old_standard_altar, minmay_ruffians, uniq_menkaure,
          uniq_maggie
D:7:      layout_rooms, hangedman_decor_slide_cut, okawaru_metal_pillars_1_2
D:8:      layout_gridville, minitemple, uniq_joseph, uniq_maurice, uniq_grum
D:9:      layout_irregular_city, orc_0_dummy
D:10:     minmay_shrinking_squares, layout_basic
D:11:     layout_cave_pools, serial_shops, shop, nicolae_shop_stone, shop,
          nicolae_shop_statue_plus, shop, bh_hangedman_babel_library
D:12:     layout_long_grid
D:13:     layout_irregular_city, serial_shops,
          nicolae_shop_temple_entry_statues_fountains
D:14:     layout_loops_ring, skrybe_vaults_entry_preservation,
          minmay_misc_feat_tiny, minivault_26
D:15:     gammafunk_enter_depths_forms, layout_loops_cross,
          lemuel_blue_sif_altar, uniq_jorgrun
Temple:   eino_temple_rhombus
Lair:1:   layout_chaotic_city, nzn_masters_of_martial_movement,
          minmay_lair_oklob_chamber, grunt_megastairs_2, uniq_harold
Lair:2:   mu_elephants_graveyard, layout_regular_city
Lair:3:   layout_loops_ring, palyth_hydra_swamp_entry, lemuel_fruit_tree
Lair:4:   layout_roguey, nicolae_spider_entry_non_spiders, st_stairs_12
Lair:5:   layout_regular_city, dpeg_slime_entry_enclosed_altar
Lair:6:   wormcave, layout_cave_shapes, hangedman_lair_caniforms_friends,
          maelrawn_ghost_gauntlet_escape, basic_altar,
          chequers_serial_rivers_small_a
Swamp:1:  layout_basic_swamp, hangedman_swamp_ruin_wall, uniq_kirke
Swamp:2:  layout_basic_swamp, nicolae_swamp_fairy_circle
Swamp:3:  layout_basic_swamp, ebering_ghost_xom, hangedman_swamp_ruin_hall
Swamp:4:  swamp_vile, layout_basic_swamp
Spider:1: spiders_nest_scorpion_pit, uniq_agnes
Spider:2: layout_spider_delve, uniq_frances, uniq_arachne
Spider:3: layout_spider_delve, einodemon_crawler_minivault, uniq_nikola,
          uniq_aizul
Spider:4: grunt_spider_rune_island, ebering_ghost_disaster_area
Slime:1:  layout_caves
Slime:2:  layout_caves
Slime:3:  layout_caves
Slime:4:  layout_caves
Slime:5:  uniq_dissolution
Orc:1:    layout_caves, uniq_erica
Orc:2:    kennysheep_orc_mage_school, layout_caves
Elf:1:    layout_rooms, basic_altar, minmay_elf_crystal_hexagon, st_stairs_13
Elf:2:    layout_gridlike, nicolae_twisting_strands, st_stairs_10
Elf:3:    minmay_elf_hall_not_hex, layout_gridlike, serial_co_window_serial,
          co_window_paths_a, co_window_of_opportunity_a, co_window_corner_a,
          co_window_of_opportunity_a, co_window_paths_a,
          co_window_unsneaky_path_d, co_window_broadway_b, co_window_broadway_a,
          co_window_unsneaky_path_c, co_window_corner_b
Vaults:1: v_misc_3, v_misc_18, nicolae_vaults_little_squares_6, v_misc_15,
          vaults_room_octagon, nicolae_vaults_yaktaur_gun_rack, v_alt_pattern_3,
          vaults_dpeg_spiral, grunt_vaults_funnel, v_rooms_1,
          nicolae_vaults_mini_display_case, serial_ice_h,
          layout_vaults_big_room, nicolae_trove_entry_crystal
Vaults:2: ontoclasm_vaults_claustrophobia, v_misc_10,
          nicolae_vaults_network_square, vaults_room_corners,
          ontoclasm_vaults_fault, v_misc_2, grunt_vaults_trifunnel, v_misc_16,
          v_misc_11, v_alt_pattern_1, nicolae_vaults_little_squares_6,
          nicolae_vaults_back_hallway, vaults_dpeg_encased_lava,
          layout_vaults_ring, serial_shops, shop, shop, nicolae_shop_crystal
Vaults:3: v_misc_32, vaults_room_door_hall, minmay_crypt_entry_necro_gods,
          v_alt_pattern_1, nicolae_vaults_little_squares_3,
          nicolae_vaults_shelves_hall, v_misc_3, vaults_room_grid,
          vaults_room_corners, vaults_dpeg_ring,
          nicolae_vaults_stairing_the_circle, vaults_room_grid, v_misc_1,
          vaults_room_octagon, nicolae_vaults_theta, v_alt_pattern_1,
          layout_vaults_maze_bifur, uniq_margery
Vaults:4: v_rooms_2, st_star, hangedman_vaults_stretched_pinwheel,
          nicolae_vaults_asterisk, vaults_dpeg_hooks,
          hangedman_vaults_restitches, hangedman_vaults_pinch,
          vaults_room_door_hall, v_misc_2, vaults_room_stairs_pillars,
          vaults_room_door_hall, layout_vaults_omnigrid, serial_shops,
          shop_fountains
Vaults:5: serial_shops
Crypt:1:  layout_regular_city, palyth_stone_intersect,
          roderic_lattice_octagonal_star, uniq_khufu
Crypt:2:  layout_gridlike, lemuel_elevator, uniq_sojobo
Crypt:3:  grunt_crypt_end_deaths_head
Tomb:1
Tomb:2
Tomb:3
Depths:1: layout_gridville, pan_entry, abyss_entry_small_statue_room,
          ashenzari_altar_1, grunt_hell_horde, minmay_pinched_square,
          grunt_megastairs_3, uniq_enchantress
Depths:2: minmay_glassy_protrusions, layout_gridville, enter_ziggurat_b,
          hell_entry, minmay_misc_feat_plants, special_room
          [special_room_morgue]
Depths:3: minmay_ambush_box, layout_cave_pools, serial_glass, glass_columns_b,
          glass_columns_a, item_on_display_a, feat_on_display, abyss_entry,
          hell_entry, pan_entry
Depths:4: minmay_complete_graph, layout_gridlike, kennysheep_nondescript,
          mu_enter_wizlab_5, hell_entry, abyss_entry, hangedman_decor_growths,
          uniq_mennas, uniq_saint_roka
Depths:5: evilmike_zot_entry_basic, layout_cave_shapes, hellmouth_3,
          serial_shops, nicolae_shop_behind_doors, nicolae_shop_trees, shop,
          shop, shop, minmay_misc_feat_roman, minmay_shop_star,
          serial_bayou_shore_b, uniq_xtahua
Hell
Dis:1:    layout_chaotic_city, door_vault
Dis:2:    layout_jigsaw
Dis:4:    layout_jigsaw, grunt_megastairs_5
Dis:5:    layout_gridville
Dis:6:    layout_regular_city
Dis:7:    dis_grunt_layers
Geh:1:    layout_gehenna_lava_caves
Geh:2:    layout_gehenna_pools_basic
Geh:3:    layout_gehenna_pools_box
Geh:4:    layout_gehenna_pools_box
Geh:5:    layout_gehenna_lava_caves
Geh:6:    layout_gehenna_lava_caves
Geh:7:    geh_hangedman
Coc:1:    layout_ice_bergs
Coc:2:    layout_ice_bergs
Coc:3:    layout_cocytus_water_paths
Coc:4:    layout_ice_bergs
Coc:5:    layout_ice_bergs
Coc:6:    layout_ice_bergs
Coc:7:    coc_old
Tar:1:    layout_catacombs
Tar:2:    layout_grid_maze
Tar:3:    layout_catacombs
Tar:4:    layout_honeycomb
Tar:5:    layout_cathedral_of_symmetry, nicolae_tar_cuneiform_heaven
Tar:6:    layout_catacombs, nicolae_tar_cuneiform_city, lemuel_nasty_pond
Tar:7:    tar_old
Zot:1:    lemuel_acid_trip, layout_cathedral_of_symmetry, gammafunk_ghost_grave,
          st_stairs_4
Zot:2:    layout_gridlike
Zot:3:    layout_basic
Zot:4:    regret_index_qazlal_generations, layout_cathedral_of_symmetry
Zot:5:    layout_basic, st_stairs_11, nicolae_transmutations_shop

Skill      XL: |  1  2  3  4  5  6  7  8  9 10 11 12 13 14 15 16 17 18 19 20 21 22 23 24 25 26 27 |
---------------+----------------------------------------------------------------------------------+-----
Earth Magic    | 4 5 6 7 8 10 12 13 14 15 16 17 18 19 20 21 22 23 24 27 | 27.0
Spellcasting   | 3 4 5 7 8 9 10 11 12 13 14 15 16 17 18 19 20 27 | 27.0
Maces & Flails | 1 2 3 4 17 | 17.9
Dodging        | 2 3 4 5 6 7 8 9 10 25 | 25.5
Fighting       | 1 2 3 6 8 9 10 11 12 13 14 15 16 17 18 19 27 | 27.0
Shields        | 1 2 3 4 5 7 9 10 12 13 14 15 16 17 25 | 25.0
Armour         | 1 2 3 5 8 10 11 13 18 | 18.1
Throwing       | 1 4 5 6 7 8 9 10 16 | 16.4
Evocations     | 1 2 3 4 5 8 |  8.1
Stealth        | 3 4 5 6 14 | 14.8
Transmutations | 1 2 3 |  3.2
Conjurations   | 1 2 4 5 6 7 8 9 27 | 27.0
Long Blades    | 1 4 5 7 8 9 10 16 | 16.2
Ice Magic      | 1 5 |  5.1
Air Magic      | 23 | 23.9
Staves         | 6 |  6.4
Translocations | 6 |  6.5
Summonings     | 2 |  2.1
Axes           | |  0.6
Slings         | |  0.6

Action                   |  1- 3 |  4- 6 |  7- 9 | 10-12 | 13-15 | 16-18 | 19-21 | 22-24 | 25-27 || total
-------------------------+-------+-------+-------+-------+-------+-------+-------+-------+-------++-------
Melee: Unarmed           |     6 |       |       |       |       |       |       |       |       ||     6
       Whip              |    52 |    34 |       |       |       |       |       |       |       ||    86
       Mace              |       |    30 |   168 |    74 |     2 |       |       |       |       ||   274
       Demon blade       |       |       |       |    19 |   432 |       |       |       |   343 ||   794
       Scimitar          |       |       |       |    12 |       |       |       |       |       ||    12
       Long sword        |       |       |       |       |    11 |   968 |   631 |   387 |    97 ||  2094
       Staff             |       |       |       |       |       |     3 |       |       |    51 ||    54
       Headbutt          |       |       |       |       |       |       |       |       |   583 ||   583
       Double sword      |       |       |       |       |       |       |       |       |  1656 ||  1656
       Eveningstar       |       |       |       |       |       |       |       |       |   688 ||   688
       Lance             |       |       |       |       |       |       |       |       |    62 ||    62
       Rapier            |       |       |       |       |       |       |       |       |     8 ||     8
Throw: Dart              |       |       |    78 |   130 |   212 |    43 |       |     3 |       ||   466
       Boomerang         |       |       |     1 |    22 |    89 |   251 |   329 |   153 |   412 ||  1257
 Cast: Sandblast         |    35 |    26 |   130 |   179 |   370 |   405 |    38 |    19 |    62 ||  1264
       Stone Arrow       |       |       |       |    79 |   194 |   266 |   132 |    55 |     3 ||   729
       Lee's Rapid Decon |       |       |       |    61 |    82 |   100 |   335 |   212 |  1204 ||  1994
       Petrify           |       |       |       |    28 |    61 |    22 |    10 |       |     6 ||   127
       Hailstorm         |       |       |       |       |     8 |     1 |     2 |       |       ||    11
       Iron Shot         |       |       |       |       |     8 |   112 |    74 |   155 |  1669 ||  2018
       Passwall          |       |       |       |       |     2 |       |       |       |    18 ||    20
       Iskenderun's Batt |       |       |       |       |     3 |     1 |       |       |       ||     4
       Blink             |       |       |       |       |       |    23 |       |     3 |    40 ||    66
       Swiftness         |       |       |       |       |       |     1 |       |       |     4 ||     5
       Freezing Cloud    |       |       |       |       |       |       |     2 |       |    44 ||    46
       Shatter           |       |       |       |       |       |       |       |    17 |   209 ||   226
       Airstrike         |       |       |       |       |       |       |       |       |   159 ||   159
       Chain Lightning   |       |       |       |       |       |       |       |       |    53 ||    53
       Lehudib's Crystal |       |       |       |       |       |       |       |       |    39 ||    39
       Tornado           |       |       |       |       |       |       |       |       |    21 ||    21
       Spellforged Servi |       |       |       |       |       |       |       |       |    15 ||    15
 Abil: Evoke Flight      |       |       |     4 |     1 |       |       |       |       |       ||     5
       Fly               |       |       |       |       |     1 |       |       |       |       ||     1
Evoke: Wand              |       |     2 |    16 |    73 |    44 |    28 |    14 |    24 |    75 ||   276
       Condenser vane    |       |       |       |       |     2 |     2 |     5 |     3 |    17 ||    29
       Lightning rod     |       |       |       |       |       |       |    21 |     5 |     9 ||    35
       Figurine of a zig |       |       |       |       |       |       |       |       |     1 ||     1
  Use: Scroll            |       |     7 |     6 |    15 |     8 |    17 |    24 |    20 |   143 ||   240
       Potion            |       |       |     1 |     9 |     2 |     8 |     4 |     2 |    98 ||   124
 Stab: Sleeping          |     1 |     1 |       |       |     1 |     3 |     2 |       |    15 ||    23
       Petrified         |       |       |       |     5 |    34 |       |     9 |       |       ||    48
       Distracted        |       |       |       |       |       |       |     1 |       |    15 ||    16
Armor: Robe              |    27 |    38 |    32 |       |       |       |       |       |       ||    97
       Leather armour    |       |       |    58 |       |       |       |       |       |       ||    58
       Steam dragon scal |       |       |     6 |   183 |   424 |   750 |   544 |       |       ||  1907
       Scale mail        |       |       |       |       |       |       |   140 |   118 |       ||   258
       Acid dragon scale |       |       |       |       |       |       |       |   189 |  1493 ||  1682
Dodge: Dodged            |    47 |    23 |    74 |    73 |   323 |   660 |   490 |   267 |  2248 ||  4205
Block: Kite shield       |       |    37 |   100 |   119 |   685 |  1447 |  1060 |   560 |  4201 ||  8209
       Reflection        |       |       |       |       |    27 |    32 |    55 |    53 |   168 ||   335
       Rpst.: Demon blade |       |       |       |     3 |    58 |       |       |       |    46 ||   107
       Scimitar          |       |       |       |     3 |       |       |       |       |       ||     3
       Long sword        |       |       |       |       |     1 |   121 |    72 |    40 |    12 ||   246
       Double sword      |       |       |       |       |       |       |       |       |   173 ||   173
